 Dungeon Crawl Stone Soup version 0.30.1-4-g462c640d31 (webtiles) character file.

Game seed: 15660288988153620522

13584557 sonasty the Conqueror (level 27, 250/250 HPs)
             Began as a Djinni Fire Elementalist on Aug 30, 2023.
             Was the Champion of Makhleb.
             Escaped with the Orb
             ... and 15 runes on Sept 4, 2023!
             The game lasted 15:39:00 (117712 turns).

sonasty the Conqueror (Djinni Fire Elementalist)  Turns: 117712, Time: 15:39:00

Health: 250/250    AC: 16    Str: 22    XL:     27
Gold:   18186      EV: 40    Int: 29    God:    Makhleb [******] SH: 10 Dex: 22

rFire   + +          +
                       - Unarmed
rCold   + + .        Q - +0 buckler {rC+}
rNeg    . . .        f - +2 robe {rC+ rF+}
rPois   ∞            n - +0 hat of Autumn {+Blink SInv}
rElec   .            D - scarf of Resonance {+Inv, rCorr Str+4 Int+2 Slay-6}
rCorr   +            G - +0 pair of gloves {Dex+3}
SInv    +            (boots unavailable)
Will    +++..        w - amulet of Fatigue {Spirit *Corrode +Blink Str+7}
Stlth   +++          P - ring "Ibaydoq" {rC+ EV+5 Int+2 Dex+3}
HPRegen 0.61/turn    M - ring of the Tortoise {AC+8}
MPRegen 0.00/turn

%: corrode self (3%), guardian spirit
@: flying, studying 2 skills
A: sickness immunity, fire resistance 2, cold vulnerability 1, float, innate
caster, HP casting, extra vitality 1, strong-willed 1, mutation resistance 1,
robust 1
0: Orb of Zot
}: 15/15 runes: decaying, slimy, silver, golden, iron, obsidian, icy, bone,
abyssal, demonic, glowing, magical, fiery, dark, gossamer
a: Renounce Religion, Evoke Blink, Evoke Invisibility, Minor Destruction, Lesser
Servant of Makhleb, Major Destruction, Greater Servant of Makhleb


You escaped.
You worshipped Makhleb.
Makhleb was exalted by your worship.
You visited 18 branches of the dungeon, and saw 85 of its levels.
You visited Pandemonium 1 time, and saw 15 of its levels.
You visited the Abyss 2 times.
You visited 1 bazaar.
You visited 2 ziggurats, and saw 34 of their levels (deepest: 22).
You also visited: Sewer, Ice Cave and Wizlab.

You collected 22026 gold pieces.
You spent 3840 gold pieces at shops.

Inventory:

Armour
 f - a +2 robe of resistance (worn)
 n - the +0 hat of Autumn (worn) {+Blink SInv}
   (You found it in an ice cave)

   SInv:      It lets you see invisible.
   +Blink:    It lets you blink.
 D - the scarf of Resonance (worn) {+Inv, rCorr Str+4 Int+2 Slay-6}
   (You bought it in a shop on level 1 of the Depths)

   Str:       It affects your strength (+4).
   Int:       It affects your intelligence (+2).
   Slay:      It affects your accuracy & damage with ranged weapons and melee
   (-6).
   rCorr:     It protects you from acid and corrosion.
 G - a +0 pair of gloves of dexterity (worn)
 Q - a +0 buckler of cold resistance (worn)
Magical Staves
 E - the staff of earth "Kootriza" {rN+ Int+4}
   (You found it on level 3 of the Crypt)

   [staff of earth]

   Your inability to study Earth Magic prevents you from drawing on the full
   power of this staff in melee.
   Base accuracy: +5 Base damage: 5 Base attack delay: 1.2 This weapon's minimum
   attack delay (0.6) is reached at skill level 12.
   Int:       It affects your intelligence (+4).
   rN:        It protects you from negative energy.
   It falls into the 'Staves' category.
   It is a one-handed weapon.
Jewellery
 a - the ring "Beuravup" {Wiz rElec rF+ Int+4}
   (You found it on level 7 of Tartarus)

   [ring of wizardry]

   It improves your spell success rate.
   Int:       It affects your intelligence (+4).
   rF:        It protects you from fire.
   rElec:     It insulates you from electricity.
 b - the ring of Knowledge {Wiz Contam rElec rC+ Dex+5}
   (You bought it in a shop on level 8 of the Dungeon)

   [ring of wizardry]

   It improves your spell success rate.
   Dex:       It affects your dexterity (+5).
   rC:        It protects you from cold.
   rElec:     It insulates you from electricity.
   Contam:    It causes magical contamination when unequipped.
 w - the amulet of Fatigue (around neck) {Spirit *Corrode +Blink Str+7}
   (You found it on level 5 of the Pits of Slime)

   [amulet of guardian spirit]

   It causes incoming damage to be divided between your reserves of health and
   magic.
   Str:       It affects your strength (+7).
   +Blink:    It lets you blink.
   *Corrode:  It may corrode you when you take damage.
 x - the ring "Jotap" {rC++ rCorr}
   (You found it on level 7 of a ziggurat)

   [ring of resist corrosion]

   rC:        It greatly protects you from cold.
   rCorr:     It protects you from acid and corrosion.
 z - the ring "Nisoaguq" {Int+3 Dex+6 SInv}
   (You found it on level 5 of the Realm of Zot)

   [ring of dexterity]

   Int:       It affects your intelligence (+3).
   Dex:       It affects your dexterity (+6).
   SInv:      It lets you see invisible.
 A - the amulet of Suspicion {Acrobat rF+ SInv}
   (You found it on level 5 of the Vaults)

   [amulet of the acrobat]

   It increases your evasion while moving and waiting.
   rF:        It protects you from fire.
   SInv:      It lets you see invisible.
 B - the amulet "Tueheacs" {Spirit Int+4 Slay+6}
   (You found it on level 18 of a ziggurat)

   [amulet of guardian spirit]

   It causes incoming damage to be divided between your reserves of health and
   magic.
   Int:       It affects your intelligence (+4).
   Slay:      It affects your accuracy & damage with ranged weapons and melee
   (+6).
 C - the ring "Asuehir" {Int+5 SInv}
   (You found it on level 5 of the Vaults)

   [ring of see invisible]

   Int:       It affects your intelligence (+5).
   SInv:      It lets you see invisible.
 F - the ring of Vualalosm {*Slow +Blink rPois rCorr Stlth-}
   (You found it on level 11 of a ziggurat)

   [ring of resist corrosion]

   rPois:     It protects you from poison.
   +Blink:    It lets you blink.
   rCorr:     It protects you from acid and corrosion.
   *Slow:     It may slow you when you take damage.
   Stlth:     It makes you less stealthy.
 M - the ring of the Tortoise (right hand) {AC+8}
   (You found it on level 3 of the Elven Halls)

   [ring of protection]

   AC:        It affects your AC (+8).
 N - the ring "Xenoon" {rN+ Will+}
   (You took it off a vault sentinel on level 5 of the Vaults)

   [ring of willpower]

   rN:        It protects you from negative energy.
   Will:      It increases your willpower.
 P - the ring "Ibaydoq" (left hand) {rC+ EV+5 Int+2 Dex+3}
   (You found it on level 3 of the Elven Halls)

   [ring of evasion]

   EV:        It affects your evasion (+5).
   Int:       It affects your intelligence (+2).
   Dex:       It affects your dexterity (+3).
   rC:        It protects you from cold.
 T - the ring of Emmiepid {rElec rC+ Dex+3}
   (You found it on level 11 of a ziggurat)

   [ring of protection from cold]

   Dex:       It affects your dexterity (+3).
   rC:        It protects you from cold.
   rElec:     It insulates you from electricity.
Wands
 l - a wand of flame (21)
 m - a wand of roots (163)
 p - a wand of paralysis (11)
 K - a wand of digging (56)
 O - a wand of acid (24)
Scrolls
 d - 23 scrolls of teleportation
 e - 5 scrolls of immolation
 g - 13 scrolls of fear
 h - 3 scrolls of silence
 o - 15 scrolls of vulnerability
 s - 11 scrolls of blinking
 t - 22 scrolls of poison
 v - 22 scrolls of fog
 y - 14 scrolls of enchant weapon
 H - 2 scrolls of brand weapon
 R - 18 scrolls of magic mapping
 V - 11 scrolls of enchant armour
 W - 5 scrolls of butterflies
Potions
 c - 31 potions of curing
 i - 8 potions of resistance
 j - 14 potions of brilliance
 k - 3 potions of invisibility
 q - 17 potions of ambrosia
 r - 5 potions of might
 u - 6 potions of cancellation
 J - 6 potions of heal wounds
 L - 3 potions of haste
 S - 15 potions of lignification
Miscellaneous
 I - a phantom mirror
 Y - the horn of Geryon
 Z - a lightning rod (4/4)


   Skills:
 O Level 27 Fighting
 + Level 22.6 Armour
 O Level 27 Dodging
 - Level 22.1 Stealth
 + Level 19.0 Shields
 O Level 27 Unarmed Combat
 O Level 27 Spellcasting
 O Level 27 Invocations
 - Level 16.3 Evocations


You knew the following spells:

 Your Spells              Type           Power      Damage    Failure   Level
a - Foxfire               Conj/Fire      100%       2x1d9     0%          1
b - Scorch                Fire           100%       2d9       0%          2
c - Volatile Blastmotes   Fire/Tloc      100%       2d18      0%          3
d - Inner Flame           Hex/Fire       100%       N/A       0%          3
e - Flame Wave            Conj/Fire      100%       2d21      0%          4
f - Kiss of Death         Conj/Necr      100%       2d13      0%          1
g - Poisonous Vapours     Pois/Air       100%       N/A       0%          2
h - Stone Arrow           Conj/Erth      100%       3d13      0%          3
i - Teleport Other        Tloc           100%       N/A       0%          3
j - Manifold Assault      Tloc           100%       N/A       0%          4
k - Agony                 Necr           100%       N/A       0%          5
l - Dispersal             Tloc           57%        N/A       0%          6
m - Dragon Form           Tmut           57%        N/A       0%          7
n - Malign Gateway        Summ/Tloc      57%        N/A       0%          7
o - Spellforged Servitor  Conj/Summ      57%        N/A       0%          7
p - Discord               Hex            57%        N/A       1%          8
q - Dragon's Call         Summ           57%        N/A       1%          9
r - Shatter               Erth           57%        3d43*     1%          9
Your spell library was empty.

Dungeon Overview and Level Annotations

Branches:
Dungeon (15/15)            Temple (1/1) D:6            Lair (5/5) D:8
  Swamp (4/4) Lair:2       Spider (4/4) Lair:2        Slime (5/5) Lair:5
    Orc (2/2) D:12            Elf (3/3) Orc:2        Vaults (5/5) D:14
  Crypt (3/3) Vaults:3       Tomb (3/3) Crypt:3      Depths (4/4) D:15
   Hell (visited)             Dis (7/7) Hell            Geh (7/7) Hell
    Coc (7/7) Hell            Tar (7/7) Hell            Zot (5/5) Depths:4
  Sewer (visited)           IceCv (visited)          WizLab (visited)

Altars:
Ashenzari
Cheibriados
Dithmenos
Elyvilon
Fedhas
Gozag
Hepliaklqana
Makhleb
Nemelex Xobeh
Okawaru
Qazlal
Ru
Trog
Uskayaw
Wu Jian
Xom
Yredelemnul
Zin
The Shining One
Jiyva

Shops:
D:8 [([[=   D:9 ?   D:12 (   Orc:2 (?:?   Elf:3 *!=*   Vaults:3 :
Depths:1 [([   Depths:4 ?

Portals:
Hell: Depths:1 Depths:2 Depths:3 Depths:4
Abyss: Depths:1 Depths:2 Depths:3 Depths:4
Pandemonium: Orc:2 Depths:2 Depths:4
Trove: D:15 (give +2 gold dragon scales)

Annotations:
Temple 2 transporters
Vaults:1 exclusion: downstairs
Crypt:1 2 transporters, Roocroe's ghost, veteran MiGl


Innate Abilities, Weirdness & Mutations

You are immune to sickness and miasma.
You are immune to poison.
Your flesh is very heat resistant. (rF++)
You are vulnerable to cold. (rC-)
You float through the air rather than walking.
You learn spells naturally, not from books.
Your magical power is your life essence.
You have superior vitality. (+4 MHP)
You are strong-willed. (Will+)
You are somewhat resistant to further mutation.
You are robust. (+10% HP)


Message History

You feel a little less clever now.
Your transformation is almost over.
There is an open door here.
There is a stone staircase leading up here.
You fly upwards.
There is a stone staircase leading down here.
HP restored.
Your transformation has ended.
The scarf of Resonance {+Inv, rCorr Str+4 Int+2 Slay-6} unmelds from your body.
The +0 hat of Autumn {+Blink SInv} unmelds from your body.
Your +0 pair of gloves of dexterity unmelds from your body.
Your +0 buckler of cold resistance unmelds from your body.
Your +2 robe of resistance unmelds from your body.
You become transparent for a moment.
You feel agile.
You feel resistant to cold.
You feel resistant to extremes of temperature.
There is an open door here.
A rakshasa comes into view. It is wielding a +0 long sword.
The rakshasa moves out of view.
There is a stone staircase leading up here.
You fly upwards.
There is a stone staircase leading down here.
There is a stone staircase leading up here.
You fly upwards.
There is a stone staircase leading down here.
There is a stone staircase leading up here.
You fly upwards.
There is a stone staircase leading down here.
There is an open door here.
There is an open door here.
There is a stone staircase leading up here.
You fly upwards.
There is a stone staircase leading down here.
There is a stone staircase leading up here.
You fly upwards.
There is a stone staircase leading down here.
There is an open door here.
There is a staircase leading out of the dungeon here.
You have escaped!

#.# #.#.# #.#.# #.#.#.#
#######.####.#.######.#.###.#.#.#
#.....................#..>.......
#.############.############.#.#..
#.# ### ###.# ##.##...... ..#
#.### #.# ###.###.).... ###
##..####'####..## ###.#.. #
###..'.^.'..### ####.### #
####.@.#### #....# #
###..'...'..### #.###### #
##..####'####..###.# #. #####
##.### #.# ###.##.# #. ....##
#.## #.### ##...# #. ##...#####
#...# ##..# #) #.....## ###.#
##.# #. .......# #.# #.# #.
.......###### #.# #.# #.


There were no monsters in sight!

Vanquished Creatures
  Cerebov (Pan)
  Antaeus (Coc:7)
  Asmodeus (Geh:7)
  Dissolution (Slime:2)
  Gloorx Vloq (Pan)
  the Serpent of Hell (Geh:7)
  7 pandemonium lords
  Mnoleg (Pan)
  4 dread liches
  Khufu (Tomb:3)
  Tiamat (Zot:1)
  Dispater (Dis:7)
  2 orbs of fire (Zot:5)
  Mennas (Vaults:2)
  7 ancient liches
  29 royal mummies
  11 Killer Klowns
  Geryon (Hell)
  7 shard shrikes
  2 curse toes
  28 caustic shrikes
  10 golden dragons
  2 profane servitors (Tar:7)
  Nikola (Spider:1)
  33 bone dragons
  Arachne (Spider:2)
  10 iron giants
  17 doom hounds
  14 Tzitzimimeh
  8 hellephants
  4 electric golems
  A shard shrike zombie (Tar:7)
  12 Brimstone Fiends
  Zenata (Crypt:1)
  3 spectral shard shrikes
  21 tentacled monstrosities
  21 Hell Sentinels
  A shard shrike skeleton (Tar:7)
  10 tainted leviathans
  25 Orb Guardians
  15 titans
  A walking earthen tome (Depths:3)
  Asterion (Depths:2)
  18 liches
  27 Ice Fiends
  A deep elf blademaster (Elf:3)
  A deep elf master archer (Elf:3)
  24 ancient champions
  11 quicksilver dragons
  12 searing wretches
  A walking divine tome (Depths:2)
  40 acid blobs
  Murray (Hell)
  32 Executioners
  13 death cobs
  3 eldritch tentacles
  2 thorn hunters
  18 storm dragons
  7 tentacled starspawn
  19 sphinxes
  13 shadow dragons
  7 revenants
  5 tengu reavers
  3 fenstrider witches
  11 draconian monks
  9 demonspawn warmongers
  2 nagarajas (Zig:12)
  27 fire giants
  11 narguns
  25 azure jellies
  31 rockslimes
  4 emperor scorpions
  15 quicksilver elementals
  10 frost giants
  Aizul (Spider:1)
  7 draconian knights
  9 draconian shifters
  4 iron dragons
  7 draconian scorchers
  18 deep elf sorcerers
  9 shard shrike simulacra
  17 vault wardens
  Louise (Depths:4)
  A spectral caustic shrike (Depths:4)
  9 ghost moths
  An orc warlord (Vaults:3)
  3 spectral juggernauts
  2 deep elf elementalists (Elf:3)
  10 draconian annihilators
  39 balrugs
  A caustic shrike zombie (Tar:7)
  15 demonspawn corrupters
  9 ghouls
  7 curse skulls
  3 juggernaut zombies
  6 draconian stormcallers
  5 ironbound thunderhulks
  36 quicksilver oozes
  21 cacodemons
  15 ironbound preservers
  A starflower (Abyss:2)
  5 spriggan defenders
  24 very ugly things
  11 demonspawn blood saints
  A broodmother (Spider:3)
  21 reapers
  21 stone giants
  26 war gargoyles
  16 green draconians
  7 deep elf annihilators
  9 vampire knights
  19 putrid mouths
  14 purple draconians
  19 white draconians
  13 black draconians
  A minotaur (shapeshifter) (Zig:4)
  4 deep elf demonologists
  6 dire elephants
  27 elemental wellsprings
  13 bennus
  A spark wasp (shapeshifter) (Zig:10)
  23 wendigos
  10 yellow draconians
  17 demonspawn black suns
  5 eleionomae
  11 lorocyprocas
  9 red draconians
  5 spark wasps
  A bunyip (Zig:16)
  17 iron golems
  A spectral quicksilver dragon (Tar:4)
  17 mummy priests
  2 crystal guardians (Dis:1)
  6 deep elf death magi
  5 merfolk javelineers (Zig:20)
  9 green deaths
  15 blizzard demons
  10 fire dragons
  11 ettins
  13 eidola
  10 jiangshi
  6 merfolk impalers
  A kraken zombie (Hell)
  12 entropy weavers
  A spectral fenstrider witch (Tar:1)
  7 yaktaur captains
  8 deep elf high priests
  19 hydras
  4 shambling mangroves
  19 great orbs of eyes
  3 spectral spriggans
  2 quicksilver dragon skeletons
  17 salamander tyrants
  10 rakshasas
  29 vault guards
  6 juggernaut simulacra
  9 caustic shrike simulacra
  14 spriggan air magi
  A peacekeeper (Vaults:4)
  A fenstrider witch zombie (Crypt:2)
  An anaconda (shapeshifter) (Depths:1)
  2 jorogumos (Spider:4)
  A merfolk avatar (Zig:20)
  21 ice dragons
  5 hell beasts
  2 catoblepae (Lair:5)
  4 ghost crabs
  Erica (D:8)
  10 centaur warriors
  A death knight (Crypt:3)
  9 ironbound frosthearts
  2 two-headed ogres (shapeshifter)
  6 alligators
  An alligator snapping turtle (Zig:20)
  7 boulder beetles
  7 two-headed ogres
  3 radroaches (Spider:1)
  An anaconda (Zig:12)
  9 stokers
  4 merfolk aquamancers
  7 deep troll shamans
  2 naga warriors (Zig:12)
  4 ogre magi
  6 tengu warriors
  34 death scarabs
  16 deep troll earth magi
  54 hell hogs
  5 death yaks (Lair:5)
  6 vampire magi
  A spectral dire elephant (Tar:2)
  4 thrashing horrors
  27 dancing weapons
  5 spriggan berserkers
  A quicksilver ooze zombie (Crypt:1)
  3 orc high priests (Orc:2)
  A shock serpent (Zig:7)
  2 spectral nagas
  A titan skeleton (Pan)
  10 deep elf knights
  42 sun demons
  4 wretched stars
  14 crystal echidnas
  9 iron trolls
  14 hell knights
  23 shadow wraiths
  26 sixfirhies
  26 soul eaters
  A skyshark (Zig:4)
  4 pharaoh ants
  A spatial maelstrom (Zig:17)
  4 sun moths
  A spectral bunyip (Tar:2)
  4 death drakes
  38 deep trolls
  6 goliath frogs
  A cherub (Pan)
  A spark wasp zombie (Depths:1)
  8 spriggan druids
  3 quicksilver dragon simulacra
  2 sea snakes
  15 orb spiders
  6 glowing orange brains
  9 flayed ghosts
  67 skeletal warriors
  2 naga ritualists (Zig:12)
  A golden dragon skeleton (Hell)
  9 bog bodies
  2 orange crystal statues
  A glowing orange brain (shapeshifter) (Depths:2)
  18 swamp dragons
  Pikel (D:6)
  3 bunyip skeletons
  10 ironbound convokers
  An anaconda zombie (Hell)
  16 wizards
  4 anaconda skeletons
  6 deep elf archers
  12 shadow demons
  22 deep elf zephyrmancers
  14 necromancers
  15 phantasmal warriors
  5 steelbarb worms
  9 orc knights
  8 harpies
  A mana viper (shapeshifter) (Zig:6)
  A tengu zombie (D:15)
  7 lindwurms
  A mana viper (Zig:12)
  17 deep elf pyromancers
  20 wolf spiders
  10 shining eyes
  13 starcursed masses (Zig:17)
  31 ugly things
  3 oklob plants (Lair:5)
  10 orc sorcerers
  A moth of wrath (shapeshifter) (Vaults:5)
  14 will-o-the-wisps
  2 shining eyes (shapeshifter)
  A tengu skeleton (Depths:1)
  A wolf spider zombie (Crypt:2)
  5 manticores
  25 moths of wrath
  A faun (shapeshifter) (Zig:6)
  2 naga zombies
  An iron dragon skeleton (Crypt:2)
  18 elephants
  A toenail golem (Pan)
  A goliath frog skeleton (Crypt:2)
  2 dire elephant zombies
  8 cyclopes
  18 demonic crawlers
  4 rust devils
  2 centaur zombies
  5 worldbinders
  A draconian skeleton (Tomb:1)
  A naga mage (Zig:12)
  25 smoke demons
  A human skeleton (Vaults:5)
  Maurice (D:8)
  10 water nymphs
  An eye of devastation (shapeshifter) (Zig:11)
  10 black mambas
  7 centaur skeletons
  7 ice statues
  19 vault sentinels
  11 eyes of devastation
  An alligator snapping turtle zombie (Crypt:2)
  3 stone giant skeletons
  3 apocalypse crabs
  6 torpor snails
  23 orange demons
  A grey draconian zombie (Crypt:2)
  10 cane toads
  2 gargoyles
  5 titan simulacra
  A white draconian zombie (Crypt:2)
  12 molten gargoyles
  3 dire elephant skeletons
  An unseen horror (D:12)
  19 hellions
  8 komodo dragons
  Psyche (D:8)
  15 freezing wraiths
  A sea snake zombie (Hell)
  10 rime drakes
  An alligator snapping turtle skeleton (Crypt:1)
  24 yaktaurs
  17 tormentors
  A swamp worm zombie (Crypt:1)
  6 tengu conjurers
  5 ancient zymes
  3 kobold demonologists
  6 efreet
  A black draconian zombie (Crypt:1)
  2 iron giant simulacra
  5 ice devils
  A golden dragon simulacrum (Coc:7)
  2 sea snake skeletons (Hell)
  2 harpy zombies
  5 anaconda simulacra
  32 guardian mummies
  11 meliai
  4 trolls
  2 hydra zombies
  11 red devils
  A yaktaur skeleton (Vaults:5)
  24 merfolk
  A queen bee (shapeshifter) (Vaults:4)
  A spectral harpy (Tar:4)
  16 tyrant leeches
  3 bloated husks
  12 hellwings
  4 wind drakes
  Prince Ribbit (D:5)
  26 tarantellas
  A queen bee (Lair:2)
  25 hornets
  3 polar bears
  3 hydra skeletons
  6 harpy skeletons
  3 spriggan zombies
  6 raiju
  An ettin zombie (Depths:1)
  An alligator zombie (Hell)
  6 iron dragon simulacra
  28 jumping spiders
  2 stone giant simulacra
  5 blink frogs (Lair:3)
  3 air elementals
  5 snapping turtles (Zig:20)
  A black mamba zombie (Crypt:1)
  Sigmund (D:3)
  6 ettin skeletons
  7 spriggan skeletons
  44 large abominations
  13 ynoxinuls
  118 slime creatures
  15 spriggans
  38 flying skulls
  8 wraiths
  A slime creature (shapeshifter) (Zig:4)
  28 ushabtiu
  A shadow (D:9)
  An alligator skeleton (Hell)
  An orc simulacrum (Crypt:2)
  12 water elementals
  24 culicivoras
  6 fire bats (Abyss:5)
  A vampire (D:12)
  3 naga simulacra (Coc:7)
  A black mamba skeleton (Pan)
  7 dire elephant simulacra
  Eustachio (D:5)
  A human (shapeshifter) (D:14)
  4 wyverns
  37 yaks
  A merfolk skeleton (Crypt:3)
  4 basilisks
  Grum (D:8)
  20 neqoxecs
  4 golden eyes
  7 spriggan simulacra
  A steam dragon (Zig:19)
  A nameless horror (Vaults:4)
  54 redbacks
  7 vampire mosquitoes
  17 chaos spawn
  14 swamp worms
  10 harpy simulacra
  A naga (Zig:12)
  2 swamp worms (shapeshifter)
  2 acid dragons (D:12)
  3 wargs
  6 small abominations
  10 water moccasins
  4 hell hounds
  4 floating eyes
  A deep troll skeleton (Hell)
  8 swamp drakes
  4 black bears
  A hornet zombie (Crypt:3)
  2 sky beasts
  A demonspawn skeleton (Crypt:3)
  A manticore zombie (Crypt:2)
  4 ice beasts
  7 ettin simulacra
  28 orc warriors
  An ice dragon simulacrum (Crypt:1)
  A dream sheep skeleton (Crypt:3)
  2 fire dragon simulacra (Coc:1)
  7 ogres
  4 boggarts
  23 wolves
  21 centaurs
  2 lemures (D:6)
  15 bullfrogs
  A kobold brigand (D:8)
  A rime drake skeleton (Crypt:3)
  A gnoll sergeant (D:12)
  A salamander skeleton (Crypt:1)
  11 scorpions
  An earth elemental (Elf:3)
  5 necrophages
  An ogre simulacrum (Vaults:5)
  A troll zombie (Crypt:1)
  30 killer bees
  A lindwurm simulacrum (IceCv)
  A yak skeleton (Crypt:1)
  2 electric eels (Lair:1)
  4 howler monkeys
  4 crimson imps (Pan)
  A human zombie (Crypt:3)
  2 jellies
  5 komodo dragon simulacra (IceCv)
  Crazy Yiuf (D:6)
  29 orc priests
  A gnoll bouda (D:10)
  8 hounds
  5 iguanas
  2 sleepcaps
  Ijyb (D:5)
  21 orc wizards
  3 naga skeletons
  An ogre skeleton (Crypt:3)
  A hound zombie (D:4)
  44 mummies
  A howler monkey zombie (D:4)
  Robin (D:2)
  4 acid dragon simulacra (IceCv)
  15 gnolls
  13 adders
  8 river rats (Sewer)
  3 shadow imps
  4 white imps
  11 steam dragon simulacra (IceCv)
  An ufetubus (D:4)
  An iguana skeleton (Crypt:2)
  An adder zombie (D:4)
  8 worms
  2 dart slugs
  82 orcs
  9 endoplasms
  11 giant cockroaches
  21 goblins
  14 hobgoblins
  2 quokkas
  22 ball pythons
  2 ball python skeletons
  7 bats
  5 frilled lizards
  15 kobolds
  27 rats
  A river rat zombie (Crypt:3)
  A butterfly (Lair:5)
  8 creeping infernos
  55 fire vortices
  2 spectral weapons
4385 creatures vanquished.

Vanquished Creatures (collateral kills)
  the Royal Jelly (Slime:5)
  Ereshkigal (Tar:7)
  Lom Lobon (Pan)
  A dread lich (Tar:7)
  3 orbs of fire (Zot:5)
  An ancient lich (Zig:10)
  4 royal mummies
  A Killer Klown (Zot:5)
  4 shard shrikes
  12 caustic shrikes
  the Enchantress (Depths:2)
  4 profane servitors
  4 bone dragons
  An electric golem (Zot:5)
  A Tzitzimitl (Zig:22)
  2 iron giants
  A hellephant (Zig:17)
  3 doom hounds
  A tentacled monstrosity (Zot:5)
  4 Hell Sentinels
  2 Ice Fiends
  3 tainted leviathans (Tar:7)
  A deep elf blademaster (Elf:3)
  A walking divine tome (Depths:2)
  2 quicksilver dragons (Zig:19)
  6 liches
  A titan (Coc:6)
  3 Orb Guardians (Zot:5)
  2 ancient champions (Tomb:3)
  A searing wretch (Geh:7)
  8 acid blobs
  6 eldritch tentacles
  2 Executioners (Pan)
  A tengu reaver (Depths:4)
  3 shadow dragons
  3 storm dragons
  A draconian monk (Zot:4)
  A revenant (Tomb:3)
  A demonspawn warmonger (Zig:14)
  9 azure jellies
  A rockslime (Slime:4)
  A nagaraja (Zig:12)
  A nargun (Coc:7)
  2 quicksilver elementals
  4 draconian scorchers
  2 iron dragons (Zig:19)
  A spectral juggernaut (Tar:2)
  2 shard shrike simulacra (Coc:6)
  5 ghost moths
  2 draconian knights (Zot:4)
  3 balrugs (Geh:7)
  3 spectral caustic shrikes (Depths:4)
  3 draconian shifters (Zot:4)
  4 draconian stormcallers
  3 spriggan defenders
  2 curse skulls
  2 cacodemons (Zig:22)
  3 demonspawn corrupters
  6 quicksilver oozes
  A caustic shrike skeleton (Tomb:2)
  2 ironbound preservers (Vaults:4)
  A vampire knight (Depths:2)
  3 green draconians
  2 stone giants
  3 very ugly things (Depths:2)
  2 elemental wellsprings
  2 demonspawn black suns (Zig:22)
  3 bennus
  2 lorocyprocas
  A wendigo (Zig:10)
  2 purple draconians
  A bunyip (Zig:16)
  2 black draconians
  4 yellow draconians
  5 putrid mouths
  3 red draconians
  2 white draconians
  2 ettins
  A merfolk javelineer (Zig:20)
  An eidolon (Zig:7)
  2 blizzard demons (Zig:22)
  3 iron golems (Dis:6)
  3 merfolk impalers
  2 green deaths
  2 mummy priests
  A yaktaur captain (Vaults:4)
  4 great orbs of eyes
  A deep elf high priest (Zig:11)
  2 entropy weavers (Zig:13)
  2 ice dragons
  6 vault guards
  3 caustic shrike simulacra (Coc:7)
  2 hydras
  2 peacekeepers
  A hell beast (Zig:6)
  2 merfolk avatars (Zig:20)
  2 salamander tyrants (Zig:12)
  A radroach (Zig:13)
  2 spriggan skeletons
  A spriggan air mage (Depths:3)
  A juggernaut simulacrum (Coc:6)
  6 merfolk aquamancers
  A death knight (Crypt:1)
  A vampire mage (Crypt:2)
  17 death scarabs
  A shock serpent (Zig:12)
  A hell knight (Depths:2)
  A spectral naga (Tar:2)
  A thrashing horror (Zig:17)
  A deep troll earth mage (Depths:2)
  A titan zombie (Zig:11)
  14 shadow wraiths
  A soul eater (Pan)
  A crystal echidna (Zig:3)
  4 skeletal warriors
  A wretched star (Zig:17)
  3 sixfirhies (Pan)
  A death drake (Zig:16)
  A death drake (shapeshifter) (Vaults:5)
  An orb spider (Zig:13)
  4 deep trolls (Vaults:4)
  A spatial maelstrom (Zig:17)
  2 quicksilver dragon simulacra
  A sea snake (Zig:8)
  An anaconda zombie (Hell)
  An orange crystal statue (Zig:7)
  A shadow demon (Pan)
  A spriggan druid (Zig:16)
  An ironbound convoker (Vaults:4)
  A glowing orange brain (WizLab)
  4 orc knights
  2 spriggan simulacra
  3 swamp dragons
  A phantasmal warrior (Depths:4)
  A bunyip skeleton (Tomb:3)
  4 wizards
  2 ugly things
  A wolf spider (Zig:13)
  A will-o-the-wisp (Zig:16)
  A harpy (Zig:20)
  3 shining eyes
  3 worldbinders (WizLab)
  6 moths of wrath
  A spectral centaur (Tar:1)
  3 merfolk sirens
  A demonic crawler (Spider:4)
  2 ice statues
  A vault sentinel (Vaults:3)
  An eye of devastation (Zig:21)
  A water nymph (Zig:20)
  3 black mambas (Zig:12)
  A titan simulacrum (Coc:6)
  A smoke demon (Pan)
  2 orange demons
  2 hellions
  A freezing wraith (Crypt:1)
  2 rime drakes (Zig:19)
  An iron giant simulacrum (Coc:7)
  A tormentor (Zig:17)
  2 yaktaurs (Vaults:4)
  A tengu conjurer (Depths:2)
  A silent spectre (Tar:2)
  2 bloated husks (Zig:16)
  2 hellwings (Pan)
  A red devil (Zig:14)
  12 merfolk (Zig:20)
  8 guardian mummies
  3 hornets
  A wind drake (Zig:8)
  A tarantella (Zig:13)
  A jumping spider (Zig:13)
  9 slime creatures
  8 flying skulls
  3 wyverns (Zig:19)
  7 spriggans
  An air elemental (Zig:7)
  A water elemental (Zig:20)
  4 ushabtiu
  A yak (Zig:4)
  A wraith (Zig:17)
  A golden eye (Zig:21)
  A vampire mosquito (Zig:16)
  A neqoxec (Zig:14)
  4 large abominations
  A naga (Zig:12)
  3 harpy simulacra
  An acid dragon (Zig:19)
  A floating eye (Pan)
  A swamp drake (Zig:19)
  A starcursed mass (Zig:17)
  18 mummies
  6 foxfires
  A spectral weapon (Zig:16)
486 creatures vanquished.

Vanquished Creatures (others)
  A royal mummy (Tomb:1)
  211 eldritch tentacles
  A fire giant (Geh:3)
  A black draconian (Zot:4)
  A lorocyproca (Zig:14)
  A green death (Zig:6)
  A mummy priest (Tomb:1)
  An ogre mage (D:14)
  A hell hog (Geh:2)
  A deep elf knight (Elf:2)
  A death drake (Zig:16)
  2 swamp dragons (Zig:16)
  A bog body (Swamp:2)
  A shining eye (Slime:3)
  A rime drake (Zig:19)
  A guardian mummy (Tomb:1)
  A hellwing (Pan)
  A wraith (Crypt:2)
  A naga simulacrum (Coc:3)
  2 fire bats (Abyss:5)
  A neqoxec (Pan)
  An orc warrior (Orc:2)
  A mummy (Tomb:1)
  A creeping inferno (Geh:4)
  A fire vortex (Geh:2)
  1698 foxfires
  2 starspawn tentacles (Abyss:3)
  4 tentacles (Hell)
1941 creatures vanquished.

Grand Total: 6812 creatures vanquished

Notes
Turn   | Place    | Note
-------+----------+-------------------------------------------
     0 | D:1      | sonasty the Djinni Fire Elementalist began the quest for
                  | the Orb.
     0 | D:1      | sonasty set off with the following spells memorised:
                  | Foxfire, Scorch, Volatile Blastmotes, Inner Flame, Flame
                  | Wave.
     0 | D:1      | Reached XP level 1. HP: 15/15 MP: 0/0
   194 | D:1      | Reached XP level 2. HP: 19/21 MP: 0/0
   445 | D:1      | Reached XP level 3. HP: 21/25 MP: 0/0
   445 | D:1      | Learned a level 1 spell: Kiss of Death
  1164 | D:2      | Reached XP level 4. HP: 29/31 MP: 0/0
  1292 | D:2      | Noticed Robin
  1299 | D:2      | Killed Robin
  1517 | D:2      | Found a faded altar of an unknown god.
  1763 | D:2      | Reached XP level 5. HP: 31/35 MP: 0/0
  1763 | D:2      | Learned a level 2 spell: Poisonous Vapours
  2002 | D:2      | Identified the +1 leather armour of Disiups {Rampage Str+2
                  | Dex-5}
  2796 | D:3      | Noticed Sigmund
  2809 | D:3      | Killed Sigmund
  2810 | D:3      | Reached skill level 5 in Spellcasting
  2810 | D:3      | Reached XP level 6. HP: 24/40 MP: 0/0
  3392 | D:3      | Identified the ring of Xom's Sleight of Hands {Drain rC+
                  | Int+2 Stlth+}
  3629 | D:4      | Reached XP level 7. HP: 35/45 MP: 0/0
  3629 | D:4      | Learned a level 3 spell: Stone Arrow
  3831 | D:4      | Reached skill level 1 in Fighting
  3889 | D:4      | Found a glowing drain.
  3901 | Sewer    | Entered a sewer
  4266 | Sewer    | Reached XP level 8. HP: 49/54 MP: 0/0
  4900 | D:5      | Entered Level 5 of the Dungeon
  5156 | D:5      | Found a broken altar of Ashenzari.
  5270 | D:5      | Reached skill level 5 in Fighting
  5270 | D:5      | Reached XP level 9. HP: 51/65 MP: 0/0
  5270 | D:5      | Learned a level 3 spell: Teleport Other
  5497 | D:5      | Noticed Eustachio
  5500 | D:5      | Killed Eustachio
  5733 | D:5      | Noticed Prince Ribbit
  5734 | D:5      | Noticed Ijyb
  5739 | D:5      | Killed Prince Ribbit
  5740 | D:5      | Killed Ijyb
  6160 | D:6      | Noticed Pikel
  6169 | D:6      | Killed Pikel
  6170 | D:6      | Reached XP level 10. HP: 36/75 MP: 0/0
  7061 | D:6      | Found a runed translucent door.
  7062 | D:6      | Noticed Crazy Yiuf
  7141 | D:6      | Found a staircase to the Ecumenical Temple.
  7155 | Temple   | Entered the Ecumenical Temple
  7155 | Temple   | Found a transporter.
  7155 | Temple   | Found a transporter.
  7157 | Temple   | Found a transporter.
  7157 | Temple   | Found a transporter.
  7171 | Temple   | Became a worshipper of Makhleb the Destroyer
  7280 | D:6      | Killed Crazy Yiuf
  7332 | D:7      | Found a sacrificial altar of Ru.
  7394 | D:7      | Reached skill level 5 in Dodging
  7558 | D:7      | Found a hazy altar of Hepliaklqana.
  8055 | D:8      | Found Xosics's Armour Boutique.
  8061 | D:8      | Found Zelohi's Armour Shop.
  8389 | D:8      | Noticed Maurice
  8396 | D:8      | Killed Maurice
  8450 | D:8      | Reached * piety under Makhleb
  8557 | D:8      | Found Gemnifirgh's Jewellery Boutique.
  8562 | D:8      | Noticed Erica
  8571 | D:8      | Killed Erica
  8664 | D:8      | Found Roneah's Antique Weapon Boutique.
  8758 | D:8      | Found a snail-covered altar of Cheibriados.
  8790 | D:8      | Reached XP level 11. HP: 78/81 MP: 0/0
  8790 | D:8      | Learned a level 4 spell: Manifold Assault
  8801 | D:8      | Found Cheibriados's Comfort Zone.
  9075 | D:8      | Found a staircase to the Lair.
  9145 | D:8      | Noticed Grum
  9154 | D:8      | Killed Grum
  9287 | D:8      | Noticed Psyche
  9292 | D:8      | Killed Psyche
  9293 | D:8      | Reached skill level 10 in Dodging
  9376 | D:8      | Found an iron altar of Okawaru.
  9419 | D:8      | Found a bloodstained altar of Trog.
  9850 | D:9      | Reached ** piety under Makhleb
 10098 | D:9      | Found Uwotrad's Magic Scroll Shoppe.
 10101 | D:9      | Bought a scroll of blinking for 105 gold pieces
 10101 | D:9      | Bought a scroll of identify for 28 gold pieces
 10156 | D:9      | Noticed a two-headed ogre
 10162 | D:9      | Killed a two-headed ogre
 10497 | D:10     | Entered Level 10 of the Dungeon
 10602 | D:10     | Reached skill level 10 in Fighting
 10925 | D:10     | Noticed a +0 spear
 10926 | D:10     | Noticed a +0 short sword
 10926 | D:10     | Noticed a +0 falchion
 10927 | D:10     | Noticed a +0 short sword
 10927 | D:10     | Noticed a +0 dagger
 10927 | D:10     | Noticed a +0 falchion
 10927 | D:10     | Noticed a +0 dagger
 10928 | D:10     | Noticed a +0 spear
 11048 | D:10     | Found the +7 mace of Variability {chaos, chaos arc}
 11050 | D:10     | Found a shimmering altar of Xom.
 11090 | D:10     | Found a hide-covered altar of Uskayaw.
 11135 | D:10     | Noticed a two-headed ogre
 11141 | D:10     | Killed a two-headed ogre
 11145 | D:10     | Reached XP level 12. HP: 50/94 MP: 0/0
 11311 | D:10     | Noticed a two-headed ogre
 11317 | D:10     | Killed a two-headed ogre
 12093 | Lair:1   | Entered Level 1 of the Lair of Beasts
 12743 | Lair:1   | Reached *** piety under Makhleb
 13734 | Lair:2   | Noticed a five-headed hydra
 13768 | Lair:2   | Noticed a seven-headed hydra
 14323 | Lair:1   | Killed a five-headed hydra
 14324 | Lair:1   | Reached skill level 15 in Fighting
 14324 | Lair:1   | Reached XP level 13. HP: 87/107 MP: 0/0
 14324 | Lair:1   | Learned a level 5 spell: Agony
 14428 | Lair:2   | Killed a seven-headed hydra
 14581 | Lair:2   | Found a hole to the Spider Nest.
 15176 | Lair:1   | Reached **** piety under Makhleb
 16166 | Lair:2   | Found a staircase to the Swamp.
 17913 | Lair:4   | Reached XP level 14. HP: 37/119 MP: 0/0
 18840 | Lair:5   | Entered Level 5 of the Lair of Beasts
 19045 | Lair:4   | Reached ***** piety under Makhleb
 19248 | Lair:4   | Reached skill level 10 in Spellcasting
 20438 | Lair:5   | Found a viscous altar of Jiyva.
 20465 | Lair:5   | Found a staircase to the Slime Pits.
 22029 | D:11     | HP: 5/102 [cloud of flame (4)]
 24159 | D:12     | Found Liopnuisso's Weapon Boutique.
 24361 | D:12     | Reached XP level 15. HP: 90/127 MP: 0/0
 24361 | D:12     | Learned a level 6 spell: Dispersal
 24727 | D:12     | Found a staircase to the Orcish Mines.
 25008 | D:13     | Found a frozen archway.
 25101 | IceCv    | Entered an ice cave
 26535 | IceCv    | Identified the +0 hat of Autumn {+Blink SInv}
 26784 | D:13     | Reached skill level 1 in Evocations
 27586 | D:14     | Reached skill level 5 in Evocations
 27890 | D:14     | Reached ****** piety under Makhleb
 28765 | D:14     | Found a gate to the Vaults.
 29418 | Lair:5   | Identified the +5 falchion of Tomorrow {freeze, *Slow Fly
                  | rCorr Dex+2}
 30043 | Orc:1    | Entered Level 1 of the Orcish Mines
 30329 | Orc:2    | Entered Level 2 of the Orcish Mines
 30638 | Orc:2    | Reached XP level 16. HP: 133/134 MP: 0/0
 30660 | Orc:2    | Found Suxiekul's Magic Scroll Shoppe.
 30663 | Orc:2    | Found Xiguryvar's Magic Scroll Emporium.
 30794 | Orc:2    | Found a staircase to the Elven Halls.
 30845 | Orc:2    | Reached skill level 10 in Evocations
 31035 | Orc:2    | Gained mutation: Your body sometimes deteriorates upon
                  | taking damage. [a neqoxec]
 31037 | Orc:2    | Gained mutation: You occasionally shout uncontrollably at
                  | your foes. [a neqoxec]
 31301 | Orc:2    | Found Qyz Neq's Book Shop.
 31301 | Orc:2    | Found Litzeq's Antique Weapon Boutique.
 31302 | Orc:2    | Found a one-way gate leading to the halls of Pandemonium.
 32046 | Swamp:1  | Entered Level 1 of the Swamp
 32454 | Swamp:1  | Noticed a fenstrider witch
 32459 | Swamp:1  | Killed a fenstrider witch
 32720 | Swamp:1  | Noticed a thorn hunter
 32729 | Swamp:1  | Killed a thorn hunter
 34695 | Swamp:3  | Reached XP level 17. HP: 80/139 MP: 0/0
 34695 | Swamp:3  | Learned a level 7 spell: Dragon Form
 34701 | Swamp:3  | Identified 2 scrolls of acquirement
 34798 | Swamp:2  | Acquired 1128 gold pieces
 34799 | Swamp:2  | Acquired 892 gold pieces
 35013 | D:8      | Bought the ring of Knowledge {Wiz Contam rElec rC+ Dex+5}
                  | for 726 gold pieces
 35727 | Swamp:3  | Reached skill level 1 in Unarmed Combat
 36006 | Swamp:4  | Entered Level 4 of the Swamp
 36167 | Swamp:4  | Found the +5 scythe "Finisher" {speed, execute}
 36190 | Swamp:4  | Noticed a thorn hunter
 36331 | Swamp:4  | Killed a thorn hunter
 36379 | Swamp:4  | Reached skill level 5 in Unarmed Combat
 36767 | Swamp:4  | Got a decaying rune of Zot
 37427 | D:15     | Entered Level 15 of the Dungeon
 37817 | D:15     | Found a staircase to the Depths.
 38032 | D:15     | Reached XP level 18. HP: 146/146 MP: 0/0
 38145 | D:15     | Found a glowing silver altar of Zin.
 38192 | D:15     | Found a portal to a secret trove of treasure.
 38208 | D:15     | Acquired 1261 gold pieces
 38450 | D:9      | Bought a scroll of identify for 28 gold pieces
 38450 | D:9      | Bought a scroll of identify for 28 gold pieces
 38450 | D:9      | Bought a scroll of identify for 28 gold pieces
 39045 | Vaults:1 | Entered Level 1 of the Vaults
 39805 | Vaults:1 | Identified the +1 longbow of Magnificence {drain, rCorr
                  | Int+4 Dex-4}
 40543 | Vaults:2 | Noticed Mennas
 40568 | Vaults:2 | HP: 8/219 [Mennas/+5 trishula of holy wrath (6)]
 40968 | Spider:1 | Entered Level 1 of the Spider Nest
 41067 | Spider:1 | Noticed Nikola
 41094 | Spider:1 | Killed Nikola
 41101 | Spider:1 | Noticed Aizul
 41115 | Spider:1 | Killed Aizul
 41116 | Spider:1 | Reached skill level 10 in Unarmed Combat
 41964 | Spider:2 | Reached XP level 19. HP: 151/151 MP: 0/0
 41964 | Spider:2 | Learned a level 7 spell: Malign Gateway
 42169 | Spider:2 | Noticed Arachne
 42175 | Spider:2 | Killed Arachne
 42564 | Spider:3 | Reached skill level 1 in Invocations
 43538 | Spider:4 | Entered Level 4 of the Spider Nest
 43874 | Spider:4 | Reached skill level 5 in Invocations
 44410 | Spider:4 | Identified the +1 war axe "Rutofraf" {flame, *Slow Int+3
                  | Stlth+}
 44457 | Spider:4 | Got a gossamer rune of Zot
 44458 | Spider:4 | Identified the +1 pair of boots of Awe {rElec rPois}
 44786 | Depths:1 | Entered Level 1 of the Depths
 44815 | Depths:1 | Found a blossoming altar of Fedhas.
 44995 | Depths:1 | Found Jichoum's Magic Scroll Emporium.
 44995 | Depths:1 | Found Pykk's Antique Armour Shoppe.
 44996 | Depths:1 | Found Peigheq's Antique Weapon Shoppe.
 45002 | Depths:1 | Found Zur Umim's Armour Emporium.
 45018 | Depths:1 | Bought a heavily runed scarf for 320 gold pieces
 45018 | Depths:1 | Identified the scarf of Resonance {+Inv, rCorr Str+4 Int+2
                  | Slay-6} (You bought it in a shop on level 1 of the Depths)
 45374 | Depths:1 | Reached XP level 20. HP: 158/158 MP: 0/0
 45669 | Depths:1 | Reached skill level 15 in Unarmed Combat
 45786 | Depths:1 | Found a one-way gate to the infinite horrors of the Abyss.
 45904 | Depths:1 | Found a gateway to Hell.
 46014 | Depths:2 | Noticed Asterion
 46019 | Depths:2 | Killed Asterion
 46032 | Depths:2 | Found a flickering gateway to a bazaar.
 46041 | Bazaar   | Entered a bazaar
 46041 | Bazaar   | Found Jumiycis's Magic Scroll Shop.
 46041 | Bazaar   | Found Biosol's Assorted Antiques.
 46043 | Bazaar   | Found Foplub's Weapon Boutique.
 46055 | Bazaar   | Found Lor Osie's Antique Weapon Shoppe.
 46095 | Bazaar   | Found Ighie's Antique Weapon Shop.
 46097 | Bazaar   | Bought a potion of heal wounds for 115 gold pieces
 46120 | Bazaar   | Bought a scroll of fog for 44 gold pieces
 46120 | Bazaar   | Bought 3 scrolls of butterflies for 132 gold pieces
 46120 | Bazaar   | Bought a scroll of magic mapping for 82 gold pieces
 46120 | Bazaar   | Bought a scroll of acquirement for 572 gold pieces
 46133 | Bazaar   | Bought a brightly glowing great sword for 230 gold pieces
 46133 | Bazaar   | Identified the +8 great sword "Fielikh" {elec, rPois rN+++
                  | Will- Dex-5} (You bought it in a shop in a bazaar)
 46143 | Depths:2 | Acquired a manual of Unarmed Combat
 46230 | Depths:2 | Reached skill level 10 in Invocations
 46343 | Depths:2 | Noticed a caustic shrike
 46642 | Depths:1 | Killed a caustic shrike
 46723 | Depths:2 | Found an opulent altar of Gozag.
 46745 | Depths:2 | Reached XP level 21. HP: 164/164 MP: 0/0
 46745 | Depths:2 | Learned a level 7 spell: Spellforged Servitor
 47019 | Depths:2 | Noticed the Enchantress
 47224 | Depths:2 | Killed the Enchantress
 48072 | Depths:3 | Noticed a golden dragon
 48078 | Depths:3 | Killed a golden dragon
 48521 | Depths:3 | Reached XP level 22. HP: 170/170 MP: 0/0
 49361 | Depths:4 | Entered Level 4 of the Depths
 49361 | Depths:4 | Found Teotijui's Magic Scroll Boutique.
 49368 | Depths:4 | Identified the +5 tower shield "Fori" {rF+ rC++ MP-9 Str+3}
 49368 | Depths:4 | Noticed Louise
 49382 | Depths:4 | Killed Louise
 49753 | Depths:4 | Found a one-way gateway to a ziggurat.
 49864 | Depths:4 | Found a gate to the Realm of Zot.
 49864 | Depths:4 | Noticed a bone dragon
 49864 | Depths:4 | Noticed a golden dragon
 49968 | Depths:4 | Killed a golden dragon
 49999 | Depths:4 | Identified the +6 flail of the Imperium {freeze, Stlth+}
 50319 | Depths:4 | Found a faded altar of an unknown god.
 50322 | Depths:4 | Found a hazy altar of Hepliaklqana.
 50324 | Depths:4 | Found a faded altar of an unknown god.
 50518 | Depths:4 | Killed a bone dragon
 51190 | Orc:2    | Bought a scroll of blinking for 90 gold pieces
 51727 | Elf:1    | Entered Level 1 of the Elven Halls
 52381 | Elf:1    | Identified the +0 robe "Onaatod" {Stlth+}
 52711 | Elf:2    | Found a runed translucent gate.
 52711 | Elf:2    | Found a runed translucent gate.
 52713 | Elf:2    | Found a runed translucent gate.
 52962 | Elf:3    | Entered Level 3 of the Elven Halls
 53108 | Elf:3    | Found Gihuus's Jewellery Shop.
 53113 | Elf:3    | Reached XP level 23. HP: 178/178 MP: 0/0
 53113 | Elf:3    | Learned a level 8 spell: Discord
 53563 | Elf:3    | Found Viugumy's General Store.
 53778 | Elf:3    | Found Caoxtiluy's Distillery.
 53789 | Elf:3    | Bought a potion of heal wounds for 80 gold pieces
 53789 | Elf:3    | Bought a potion of heal wounds for 80 gold pieces
 53789 | Elf:3    | Bought a potion of heal wounds for 80 gold pieces
 53834 | Elf:3    | Found Mafeniuf's General Store.
 53842 | Elf:3    | Bought a scroll of blinking for 120 gold pieces
 53934 | Elf:3    | Found the ring of the Tortoise {AC+8}
 53943 | Elf:3    | Identified the +6 mace of Metimeox {flame, Int+6}
 53959 | Elf:3    | Identified the amulet of Grontol {RegenMP Int+4}
 53974 | Elf:3    | Identified the ring "Ibaydoq" {rC+ EV+5 Int+2 Dex+3}
 53980 | Elf:3    | Identified the ring of Wefop {rElec Int+3 Dex+6}
 53985 | Elf:3    | Identified the +8 ice dragon scales of the Elven Halls
                  | {rPois rF- rC++}
 54085 | Elf:3    | Acquired a manual of Unarmed Combat
 54432 | Elf:2    | Reached skill level 15 in Dodging
 56190 | Vaults:2 | Identified the +4 kite shield of Intense Happiness {rC+}
 56346 | Vaults:2 | Identified the +5 quarterstaff of the Girdle {venom, rC+
                  | Str+3}
 56885 | Vaults:2 | Killed Mennas
 57179 | Vaults:3 | Reached XP level 24. HP: 186/186 MP: 0/0
 57184 | Vaults:3 | Found a staircase to the Crypt.
 57377 | Vaults:3 | Found Deehos's Book Emporium.
 58243 | Vaults:3 | Found a runed translucent door.
 59388 | Vaults:4 | Found a huge runed gate.
 59388 | Vaults:4 | Found a huge runed gate.
 59388 | Vaults:4 | Found a huge runed gate.
 59388 | Vaults:4 | Found a huge runed gate.
 59389 | Vaults:4 | Found a huge runed gate.
 59389 | Vaults:4 | Found a huge runed gate.
 59389 | Vaults:4 | Found a huge runed gate.
 59389 | Vaults:4 | Found a huge runed gate.
 59389 | Vaults:4 | Found a huge runed gate.
 59389 | Vaults:4 | Found a huge runed gate.
 59742 | Vaults:4 | Found a huge runed gate.
 59742 | Vaults:4 | Found a huge runed gate.
 59742 | Vaults:4 | Found a huge runed gate.
 59742 | Vaults:4 | Found a huge runed gate.
 59742 | Vaults:4 | Found a huge runed gate.
 59744 | Vaults:4 | Found a huge runed gate.
 59745 | Vaults:4 | Found a huge runed gate.
 59746 | Vaults:4 | Found a huge runed gate.
 59747 | Vaults:4 | Found a huge runed gate.
 59756 | Vaults:4 | Found a huge runed gate.
 59756 | Vaults:4 | Found a huge runed gate.
 59756 | Vaults:4 | Found a huge runed gate.
 59756 | Vaults:4 | Found a huge runed gate.
 59756 | Vaults:4 | Found a huge runed gate.
 59759 | Vaults:4 | Found a huge runed gate.
 59760 | Vaults:4 | Found a huge runed gate.
 59761 | Vaults:4 | Found a huge runed gate.
 59762 | Vaults:4 | Found a huge runed gate.
 59926 | Vaults:4 | Found a huge runed gate.
 59926 | Vaults:4 | Found a huge runed gate.
 59926 | Vaults:4 | Found a huge runed gate.
 59926 | Vaults:4 | Found a huge runed gate.
 59926 | Vaults:4 | Found a huge runed gate.
 59928 | Vaults:4 | Found a huge runed gate.
 59929 | Vaults:4 | Found a huge runed gate.
 59930 | Vaults:4 | Found a huge runed gate.
 60076 | Vaults:4 | Noticed an ancient lich
 60141 | Vaults:4 | Killed an ancient lich
 60256 | Vaults:4 | Identified the +1 robe "Nuosch" {Will+ Int+5 Dex-2 Stlth+}
 61273 | Elf:3    | Bought a ring of resist corrosion for 220 gold pieces
 61629 | Slime:1  | Entered Level 1 of the Pits of Slime
 61632 | Slime:1  | Reached skill level 15 in Spellcasting
 61637 | Slime:1  | Reached XP level 25. HP: 194/194 MP: 0/0
 61637 | Slime:1  | Learned a level 9 spell: Dragon's Call
 62108 | Slime:2  | Noticed Dissolution
 62112 | Slime:2  | Killed Dissolution
 62322 | Slime:3  | Gained mutation: Your body often deteriorates upon taking
                  | damage. [a shining eye]
 62323 | Slime:3  | Gained mutation: You frequently scream uncontrollably at
                  | your foes. [a shining eye]
 62617 | Slime:3  | You are sucked into a shaft and drop 1 floor!
 63353 | Slime:5  | Entered Level 5 of the Pits of Slime
 63381 | Slime:5  | Noticed the Royal Jelly
 64648 | Depths:4 | Voluntarily entered the Abyss.
 65018 | Abyss:5  | Found a corrupted altar of Lugonu.
 65076 | Abyss:5  | Got an abyssal rune of Zot
 65087 | Depths:4 | Escaped the Abyss
 65523 | Lair:5   | Lost mutation: You frequently scream uncontrollably at your
                  | foes. [potion of mutation]
 65523 | Lair:5   | Lost mutation: Your body often deteriorates upon taking
                  | damage. [potion of mutation]
 65523 | Lair:5   | Gained mutation: You are weak. (Str -2) [potion of
                  | mutation]
 65523 | Lair:5   | Gained mutation: You are agile. (Dex +4, Str/Int -1)
                  | [potion of mutation]
 65524 | Lair:5   | Lost mutation: You are weak. (Str -2) [potion of mutation]
 65524 | Lair:5   | Lost mutation: Your body sometimes deteriorates upon taking
                  | damage. [potion of mutation]
 65524 | Lair:5   | Lost mutation: You are agile. (Dex +4, Str/Int -1) [potion
                  | of mutation]
 65524 | Lair:5   | Gained mutation: Your mind is acute. (Int +4, Str/Dex -1)
                  | [potion of mutation]
 65524 | Lair:5   | Gained mutation: You are robust. (+10% HP) [potion of
                  | mutation]
 65524 | Lair:5   | Gained mutation: You have a somewhat thin skeletal
                  | structure. (Dex +2, Stealth+) [potion of mutation]
 65525 | Lair:5   | Lost mutation: You have a somewhat thin skeletal structure.
                  | (Dex +2, Stealth+) [potion of mutation]
 65525 | Lair:5   | Lost mutation: You are robust. (+10% HP) [potion of
                  | mutation]
 65525 | Lair:5   | Gained mutation: Your spells are a little harder to cast,
                  | but a little more powerful. [potion of mutation]
 65525 | Lair:5   | Gained mutation: You occasionally lose the ability to read
                  | scrolls when taking damage. [potion of mutation]
 65525 | Lair:5   | Gained mutation: You are clumsy. (Dex -2) [potion of
                  | mutation]
 65525 | Lair:5   | Gained mutation: You passively map a small area around you.
                  | [potion of mutation]
 65526 | Lair:5   | Lost mutation: Your mind is acute. (Int +4, Str/Dex -1)
                  | [potion of mutation]
 65526 | Lair:5   | Lost mutation: You passively map a small area around you.
                  | [potion of mutation]
 65526 | Lair:5   | Gained mutation: You expend health (3 HP) to strengthen
                  | your wands. [potion of mutation]
 65526 | Lair:5   | Gained mutation: You are covered in fur. (AC +1) [potion of
                  | mutation]
 65527 | Lair:5   | Lost mutation: You are covered in fur. (AC +1) [potion of
                  | mutation]
 65527 | Lair:5   | Lost mutation: You are clumsy. (Dex -2) [potion of
                  | mutation]
 65527 | Lair:5   | Lost mutation: You occasionally shout uncontrollably at
                  | your foes. [potion of mutation]
 65527 | Lair:5   | Gained mutation: You are strong-willed. (Will+) [potion of
                  | mutation]
 65528 | Lair:5   | Lost mutation: You occasionally lose the ability to read
                  | scrolls when taking damage. [potion of mutation]
 65528 | Lair:5   | Lost mutation: You expend health (3 HP) to strengthen your
                  | wands. [potion of mutation]
 65528 | Lair:5   | Lost mutation: Your spells are a little harder to cast, but
                  | a little more powerful. [potion of mutation]
 65528 | Lair:5   | Gained mutation: You are robust. (+10% HP) [potion of
                  | mutation]
 65528 | Lair:5   | Gained mutation: You are somewhat resistant to further
                  | mutation. [potion of mutation]
 66780 | Slime:5  | Found a viscous altar of Jiyva.
 66782 | Slime:5  | Found the +8 mithril axe "Arga" {speed, Will+}
 66981 | Slime:5  | Killed the Royal Jelly
 67220 | Slime:5  | Identified the +1 robe "Loja" {rC+ Dex+3}
 67230 | Slime:5  | Got a slimy rune of Zot
 67263 | Slime:5  | Identified the amulet of Fatigue {Spirit *Corrode +Blink
                  | Str+7}
 67516 | Slime:3  | Reached XP level 26. HP: 221/221 MP: 0/0
 68095 | Crypt:1  | Entered Level 1 of the Crypt
 68185 | Crypt:1  | Found a magical portal.
 68210 | WizLab   | Entered Alistair's Party Mansion
 68958 | Crypt:1  | Noticed Zenata
 68963 | Crypt:1  | Found a transporter.
 68963 | Crypt:1  | Found a transporter.
 68969 | Crypt:1  | Killed Zenata
 68972 | Crypt:1  | Noticed Roocroe's ghost (veteran MiGl)
 69128 | Crypt:1  | Noticed Roocroe's ghost (veteran MiGl)
 70777 | Crypt:3  | Entered Level 3 of the Crypt
 71646 | Crypt:3  | Found a staircase to the Tomb.
 71726 | Crypt:3  | Reached XP level 27. HP: 227/227 MP: 0/0
 71726 | Crypt:3  | Learned a level 9 spell: Shatter
 71799 | Crypt:3  | Found a basalt altar of Yredelemnul.
 72237 | Crypt:3  | Noticed an ancient lich
 72244 | Crypt:3  | Killed an ancient lich
 72337 | Crypt:3  | Identified the staff of earth "Kootriza" {rN+ Int+4}
 72924 | Vaults:4 | Acquired 1346 gold pieces
 72932 | Vaults:5 | Entered Level 5 of the Vaults
 74049 | Vaults:5 | Identified the amulet of Suspicion {Acrobat rF+ SInv}
 74213 | Vaults:5 | Identified the staff of poison "Wialutap" {+Blink rPois
                  | rC+}
 74340 | Vaults:5 | Identified the +9 broad axe "Naaroerph" {speed, Str+4}
 74552 | Vaults:5 | Got a silver rune of Zot
 74593 | Vaults:5 | Identified the +6 war axe of Dazxukocs {heavy, rN+ MP+9
                  | Int+3}
 74688 | Vaults:5 | Identified the ring "Xenoon" {rN+ Will+}
 74711 | Vaults:5 | Identified the ring "Asuehir" {Int+5 SInv}
 74713 | Vaults:5 | Identified the staff of death "Zugilouf" {rElec rN+}
 75152 | Hell     | Entered the Vestibule of Hell
 75152 | Hell     | Noticed Geryon
 75165 | Hell     | Killed Geryon
 75178 | Hell     | Noticed Murray
 75429 | Hell     | Killed Murray
 75489 | Hell     | Found a gateway to the Iron City of Dis.
 75526 | Hell     | Found a gateway to the freezing wastes of Cocytus.
 75647 | Hell     | Found a gateway to the ashen valley of Gehenna.
 75743 | Hell     | Found a gateway to the decaying netherworld of Tartarus.
 75851 | Hell     | Acquired the ring "Dipoc" {Fire *Slow rN+ rCorr Str+5}
 76469 | Tomb:1   | Entered Level 1 of the Tomb of the Ancients
 76832 | Tomb:1   | Acquired 434 gold pieces
 77347 | Tomb:1   | Noticed a royal mummy
 77352 | Tomb:1   | Killed a royal mummy
 77354 | Tomb:1   | Noticed a royal mummy
 77359 | Tomb:1   | Killed a royal mummy
 77369 | Tomb:1   | Noticed a royal mummy
 77378 | Tomb:1   | Killed a royal mummy
 77379 | Tomb:1   | Noticed a royal mummy
 77380 | Tomb:1   | Noticed a royal mummy
 77384 | Tomb:1   | Killed a royal mummy
 77384 | Tomb:1   | Killed a royal mummy
 77385 | Tomb:1   | Noticed a royal mummy
 77388 | Tomb:1   | Killed a royal mummy
 77388 | Tomb:1   | Noticed a royal mummy
 77664 | Tomb:1   | Killed a royal mummy
 77665 | Tomb:1   | Noticed a royal mummy
 77667 | Tomb:1   | Killed a royal mummy
 77869 | Tomb:1   | Noticed a royal mummy
 77876 | Tomb:1   | Killed a royal mummy
 78100 | Tomb:1   | Noticed a royal mummy
 78106 | Tomb:1   | Killed a royal mummy
 78406 | Tomb:1   | Noticed a royal mummy
 78410 | Tomb:1   | Killed a royal mummy
 79037 | Tomb:1   | Noticed a royal mummy
 79045 | Tomb:1   | Killed a royal mummy
 79071 | Tomb:1   | Noticed a royal mummy
 79076 | Tomb:1   | Killed a royal mummy
 79080 | Tomb:1   | Noticed a royal mummy
 79085 | Tomb:1   | Killed a royal mummy
 79086 | Tomb:1   | Noticed a royal mummy
 79114 | Tomb:1   | Killed a royal mummy
 79418 | Tomb:1   | Noticed a royal mummy
 79422 | Tomb:1   | Killed a royal mummy
 79521 | Tomb:1   | Noticed a royal mummy
 79526 | Tomb:1   | Killed a royal mummy
 79696 | Tomb:1   | Noticed a royal mummy
 79701 | Tomb:1   | Killed a royal mummy
 79803 | Tomb:1   | Noticed a royal mummy
 79806 | Tomb:1   | Killed a royal mummy
 81449 | Zot:1    | Entered Level 1 of the Realm of Zot
 81523 | Zot:1    | Found the +4 dragonskin cloak
 81523 | Zot:1    | Noticed Tiamat
 81549 | Zot:1    | Killed Tiamat
 83010 | Zot:2    | Noticed an orb of fire
 85519 | Zot:4    | Identified the +6 quarterstaff of Chance {spect, rF+ rN+
                  | Dex-2 Stlth+}
 85855 | Zot:5    | Entered Level 5 of the Realm of Zot
 86120 | Zot:5    | Noticed an ancient lich
 86123 | Zot:5    | Killed an ancient lich
 86124 | Zot:5    | Noticed a dread lich
 86125 | Zot:5    | Noticed an orb of fire
 86127 | Zot:5    | Killed an orb of fire
 86129 | Zot:5    | Killed a dread lich
 86130 | Zot:5    | Noticed a Killer Klown
 86132 | Zot:5    | Noticed a Killer Klown
 86135 | Zot:5    | Killed a Killer Klown
 86136 | Zot:5    | Noticed an orb of fire
 86139 | Zot:5    | Killed a Killer Klown
 86140 | Zot:5    | Noticed a Killer Klown
 86142 | Zot:5    | Killed an orb of fire
 86144 | Zot:5    | Killed a Killer Klown
 86144 | Zot:5    | Noticed a Killer Klown
 86145 | Zot:5    | Killed a Killer Klown
 86146 | Zot:5    | Noticed a dread lich
 86151 | Zot:5    | Killed a dread lich
 86152 | Zot:5    | Noticed a Killer Klown
 86156 | Zot:5    | Killed a Killer Klown
 86159 | Zot:5    | Noticed a Killer Klown
 86163 | Zot:5    | Killed a Killer Klown
 86391 | Zot:5    | Noticed an orb of fire
 86394 | Zot:5    | Noticed a Killer Klown
 86399 | Zot:5    | Killed an orb of fire
 86401 | Zot:5    | Killed a Killer Klown
 86403 | Zot:5    | Noticed an orb of fire
 86409 | Zot:5    | Killed an orb of fire
 86410 | Zot:5    | Noticed a Killer Klown
 86410 | Zot:5    | Noticed a Killer Klown
 86410 | Zot:5    | Noticed a Killer Klown
 86412 | Zot:5    | Killed a Killer Klown
 86413 | Zot:5    | Reached skill level 15 in Evocations
 86414 | Zot:5    | Killed a Killer Klown
 86416 | Zot:5    | Noticed an orb of fire
 86420 | Zot:5    | Killed a Killer Klown
 86422 | Zot:5    | Killed an orb of fire
 87210 | Tomb:2   | Noticed a royal mummy
 87215 | Tomb:2   | Killed a royal mummy
 87222 | Tomb:2   | Noticed a royal mummy
 87223 | Tomb:2   | Noticed a royal mummy
 87229 | Tomb:2   | Noticed a royal mummy
 87247 | Tomb:2   | Killed a royal mummy
 87250 | Tomb:2   | Killed a royal mummy
 87255 | Tomb:2   | Killed a royal mummy
 87860 | Tomb:2   | Acquired a manual of Invocations
 88869 | Geh:1    | Entered Level 1 of Gehenna
 89666 | Geh:3    | Reached skill level 15 in Invocations
 90670 | Geh:7    | Entered Level 7 of Gehenna
 91215 | Geh:7    | Noticed the Serpent of Hell
 91239 | Geh:7    | Killed the Serpent of Hell
 91946 | Geh:7    | Found the +13 sceptre of Asmodeus
 91946 | Geh:7    | Noticed Asmodeus
 91957 | Geh:7    | Killed Asmodeus
 91960 | Geh:7    | Found the +3 warlock's mirror {omnireflect}
 92010 | Geh:7    | Identified the +4 hand axe of Heclutigye {venom, rF+ rN+}
 92012 | Geh:7    | Got an obsidian rune of Zot
 93395 | Tomb:3   | Entered Level 3 of the Tomb of the Ancients
 93432 | Tomb:3   | Identified the +1 long sword "Nuphunn" {heavy, rN+ Int+3
                  | Stlth+}
 93441 | Tomb:3   | Noticed a royal mummy
 93443 | Tomb:3   | Noticed a royal mummy
 93447 | Tomb:3   | Noticed a royal mummy
 93448 | Tomb:3   | Noticed a royal mummy
 93452 | Tomb:3   | Noticed a royal mummy
 93452 | Tomb:3   | Killed a royal mummy
 93455 | Tomb:3   | Noticed a royal mummy
 93456 | Tomb:3   | Killed a royal mummy
 93456 | Tomb:3   | Noticed Khufu
 93457 | Tomb:3   | Killed a royal mummy
 93457 | Tomb:3   | Noticed a royal mummy
 93459 | Tomb:3   | Killed a royal mummy
 93459 | Tomb:3   | Killed a royal mummy
 93459 | Tomb:3   | Killed a royal mummy
 93461 | Tomb:3   | Killed Khufu
 93461 | Tomb:3   | Killed a royal mummy
 93462 | Tomb:3   | Noticed a royal mummy
 93467 | Tomb:3   | Killed a royal mummy
 93735 | Tomb:3   | Got a golden rune of Zot
 93967 | Tomb:3   | Identified the +5 mace of Irritation {venom, rPois Str+4
                  | Dex+4}
 93968 | Tomb:3   | Identified the +1 long sword of Icwu {flame, rPois Will+}
 93970 | Tomb:3   | Identified the +4 quarterstaff "Undertaker" {vamp, SInv}
 93983 | Tomb:3   | Identified the +0 morningstar of Light {holy, rC++ Will+
                  | Stlth+}
 94002 | Tomb:3   | Identified the +3 quarterstaff of Painful Death {heavy,
                  | rPois rF++ rCorr Dex-4}
 94006 | Tomb:3   | Identified the +1 battleaxe of Circularity {flame, rN++}
 94024 | Tomb:3   | Identified the ring of Sahynucy {Fly Will++}
 94799 | Dis:1    | Entered Level 1 of the Iron City of Dis
 95189 | Dis:2    | Reached skill level 27 in Fighting
 96339 | Dis:3    | You are sucked into a shaft and drop 3 floors!
 96700 | Dis:7    | Entered Level 7 of the Iron City of Dis
 97846 | Dis:7    | Identified the +8 trident of Hubris {heavy, Dex+4}
 97956 | Dis:7    | Identified the +1 troll leather armour of Puxtimay {-Cast
                  | rC++ Regen+ Str+3}
 97959 | Dis:7    | Identified the +1 robe of the Meadowlark {*Corrode Str+5
                  | Int+4}
 98254 | Dis:7    | Identified the ring "Enukal" {rElec rN+}
 98327 | Dis:7    | Noticed Dispater
 98337 | Dis:7    | Killed Dispater
 98354 | Dis:7    | Identified the ring "Gaph" {rF+ rC+}
 98356 | Dis:7    | Got an iron rune of Zot
 98403 | Dis:7    | Identified the staff of fire "Qoopodov" {*Slow rF+ Str+5
                  | Dex+2}
 99590 | Tar:1    | Entered Level 1 of Tartarus
100269 | Tar:3    | You are sucked into a shaft and drop 1 floor!
101343 | Tar:7    | Entered Level 7 of Tartarus
101915 | Tar:7    | Reached skill level 27 in Invocations
101915 | Tar:7    | Reached skill level 1 in Armour
102190 | Tar:7    | Reached skill level 5 in Armour
102190 | Tar:7    | Reached skill level 5 in Stealth
102389 | Tar:7    | Noticed Ereshkigal
102407 | Tar:7    | Killed Ereshkigal
102430 | Tar:7    | Got a bone rune of Zot
102630 | Tar:7    | Found the brooch of Shielding {Spirit SH+8}
102641 | Tar:7    | Identified the ring "Wevailep" {Str+5 Int+4 Dex-5 SInv}
102689 | Tar:7    | Identified the +1 dagger "Sahoant" {holy, *Rage Str-2 Dex+9
                  | SInv}
102783 | Tar:7    | Reached skill level 10 in Armour
102909 | Tar:7    | Reached skill level 10 in Stealth
102967 | Tar:7    | Identified the staff of poison "Noagguv" {*Corrode +Blink
                  | rPois rC+ Dex+5}
102968 | Tar:7    | Identified the +6 hand crossbow of the Shallot {elec,
                  | Dex+4}
103009 | Tar:7    | Found the +8 autumn katana {manifold assault}
103009 | Tar:7    | Found the +9 sword of Power {lifebolt}
103044 | Tar:7    | Identified the +10 plate armour of Wevimei {*Slow rElec
                  | rCorr}
103050 | Tar:7    | Identified the staff of fire "Muerinal" {rF+ Will+ Str+3
                  | Stlth+}
103147 | Tar:7    | Noticed a dread lich
103147 | Tar:7    | Noticed a dread lich
103147 | Tar:7    | Noticed an ancient lich
103149 | Tar:7    | Paralysed by a dread lich for 3 turns
103153 | Tar:7    | Killed an ancient lich
103158 | Tar:7    | Killed a dread lich
103160 | Tar:7    | Killed a dread lich
103180 | Tar:7    | Identified the ring "Beuravup" {Wiz rElec rF+ Int+4}
103524 | Pan      | Entered Pandemonium
103621 | Pan      | Noticed Togaxt the pandemonium lord
104102 | Pan      | Found an exit through the horrors of the Abyss.
104476 | Pan      | Entered the realm of Cerebov.
104600 | Pan      | Found an exit through the horrors of the Abyss.
105335 | Pan      | Identified the +12 dagger "Kihuogg" {heavy, Str+3}
105335 | Pan      | Identified the +6 sling "Avakymoe" {heavy, Dex+5 Stlth+}
105335 | Pan      | Identified the ring "Kifiwoybb" {rF+ Dex+3 Slay+3}
105363 | Pan      | Found the +6 sword of Cerebov {flame}
105363 | Pan      | Noticed Cerebov
105370 | Pan      | Killed Cerebov
105372 | Pan      | Identified the ring of Suicidal Tendencies {Ice Str+3
                  | Int+3}
105406 | Pan      | Got a fiery rune of Zot
105778 | Pan      | Entered the realm of Gloorx Vloq.
106491 | Pan      | Reached skill level 27 in Unarmed Combat
106577 | Pan      | Got a dark rune of Zot
106582 | Pan      | Noticed Gloorx Vloq
106588 | Pan      | Killed Gloorx Vloq
106817 | Pan      | Found an exit through the horrors of the Abyss.
106973 | Pan      | Noticed Xiufateum the pandemonium lord
106991 | Pan      | Killed Xiufateum the pandemonium lord
107086 | Pan      | Got a demonic rune of Zot
107399 | Pan      | Found an exit through the horrors of the Abyss.
107956 | Pan      | Entered the realm of Mnoleg.
107958 | Pan      | Noticed Mnoleg
107989 | Pan      | Killed Mnoleg
108517 | Pan      | Reached skill level 27 in Spellcasting
108921 | Pan      | Got a glowing rune of Zot
109399 | Pan      | Identified the +3 scale mail of Emenn {rF++ Regen+ Slay+3
                  | Stlth+}
109440 | Pan      | Entered the realm of Lom Lobon.
109482 | Pan      | Noticed Lom Lobon
109489 | Pan      | Killed Lom Lobon
109490 | Pan      | Reached skill level 27 in Dodging
109584 | Pan      | Got a magical rune of Zot
109880 | Pan      | Identified the +2 pair of gloves of Demons {-Cast rN+
                  | Dex+2}
109947 | Pan      | Found an exit through the horrors of the Abyss.
109954 | Pan      | Took an exit into the Abyss.
109954 | Abyss:5  | Escaped into the Abyss
110000 | Depths:4 | Escaped the Abyss
110033 | Zig:1    | Entered Level 1 of a ziggurat
110061 | Zig:2    | Entered Level 2 of a ziggurat
110064 | Zig:2    | Noticed a Killer Klown
110066 | Zig:2    | Killed a Killer Klown
110077 | Zig:2    | Identified the +6 quarterstaff "Wirir" {elec, Int-5 Dex+7}
110086 | Zig:3    | Entered Level 3 of a ziggurat
110115 | Zig:4    | Entered Level 4 of a ziggurat
110149 | Zig:5    | Entered Level 5 of a ziggurat
110176 | Zig:5    | Identified the ring of Disaster {rF++ Will+ rCorr Str-3
                  | SInv}
110178 | Zig:6    | Entered Level 6 of a ziggurat
110231 | Zig:7    | Entered Level 7 of a ziggurat
110255 | Zig:7    | Identified the amulet "Qeoss" {Reflect rElec Will- Str+2
                  | SH+5}
110286 | Zig:8    | Entered Level 8 of a ziggurat
110319 | Zig:8    | Identified the +2 whip "Orb Guardian's Regret" {freeze,
                  | MP+9 Dex+5}
110331 | Zig:8    | Identified the staff of conjuration "Zoehum" {rPois rN++
                  | Int-4}
110365 | Zig:9    | Entered Level 9 of a ziggurat
110372 | Zig:9    | Reached skill level 15 in Stealth
110402 | Zig:9    | Identified the +9 rapier "Syibel" {elec, Fragile rElec
                  | Str+4}
110446 | Zig:10   | Entered Level 10 of a ziggurat
110458 | Zig:10   | Noticed an ancient lich
110458 | Zig:10   | Noticed a dread lich
110458 | Zig:10   | Noticed an ancient lich
110462 | Zig:10   | Noticed an ancient lich
110463 | Zig:10   | Killed an ancient lich
110466 | Zig:10   | Killed an ancient lich
110467 | Zig:10   | Killed a dread lich
110469 | Zig:10   | Killed an ancient lich
110477 | Zig:10   | Found the +7 great mace "Firestarter" {flame, immolate,
                  | rFlCloud rF++}
110488 | Zig:10   | Identified the +4 whip of Popular Demand {heavy, rF+ rN+
                  | Stlth-}
110567 | Zig:11   | Entered Level 11 of a ziggurat
110617 | Zig:11   | Identified the ring of Erchio Kolaen {rF+ rCorr}
110747 | Zig:12   | Entered Level 12 of a ziggurat
110785 | Zig:12   | Identified the +2 leather armour of Hedging {rPois rN+}
110855 | Zig:13   | Entered Level 13 of a ziggurat
110913 | Zig:13   | Identified the +11 great sword of Poelieso {drain, rF+
                  | Int+4}
111055 | Zig:14   | Entered Level 14 of a ziggurat
111073 | Zig:14   | Noticed Ginweost the pandemonium lord
111082 | Zig:14   | Killed Ginweost the pandemonium lord
111085 | Zig:14   | Found the +6 shillelagh "Devastator" {shatter}
111101 | Zig:14   | Identified the +1 scale mail of Spite {Str+2 Int-3 Dex+4}
111102 | Zig:14   | Identified the +1 hand axe "Demonslayer" {heavy, +Blink rF+
                  | MP+9 Stlth-}
111114 | Zig:14   | Identified the +6 scale mail "Qunufia" {Fly Regen+}
111120 | Zig:14   | Identified the +11 arbalest of Crawling {penet, rC+ Str+2}
111133 | Zig:15   | Entered Level 15 of a ziggurat
111155 | Zig:15   | Noticed a shard shrike
111156 | Zig:15   | Killed a shard shrike
111237 | Zig:16   | Entered Level 16 of a ziggurat
111316 | Zig:16   | Identified the staff of cold "Pukkem" {rC+ Str+5 Int-2}
111509 | Zig:17   | Entered Level 17 of a ziggurat
111584 | Zig:17   | Identified the +9 mace "Emy Lafa" {flame, rPois rCorr}
111590 | Zig:18   | Entered Level 18 of a ziggurat
111602 | Zig:18   | Reached skill level 1 in Shields
111642 | Zig:18   | Identified the amulet of Agnosticism {Acrobat Int+2 Dex+3}
111643 | Zig:18   | Identified the staff of poison "Luefisch" {rPois rF+ Will+
                  | MP+9}
111669 | Zig:18   | Identified the amulet "Tueheacs" {Spirit Int+4 Slay+6}
111670 | Zig:18   | Identified the ring "Vuv Hoint" {Fly rElec rC+ Int+9 Dex-5}
111688 | Zig:18   | Identified the +1 robe "Pyruz" {rElec}
111694 | Zig:18   | Identified the staff of earth "Zozudem" {Int+3}
111697 | Zig:19   | Entered Level 19 of a ziggurat
111721 | Zig:19   | Reached skill level 5 in Shields
111765 | Zig:19   | Identified the ring "Qeduupir" {rN+ Int+4}
111787 | Zig:19   | Identified the staff of conjuration "Sienuic" {*Slow rElec
                  | rCorr Int+3}
111791 | Zig:20   | Entered Level 20 of a ziggurat
111802 | Zig:20   | Reached skill level 15 in Armour
111862 | Zig:20   | Identified the staff of death "Uvvynawn" {rN+ Str+6 Dex-4}
111864 | Zig:20   | Identified the ring of Doubts {rPois Slay+3}
111872 | Zig:20   | Identified the +2 great sword of the Endless Expanse
                  | {freeze, rC+ SInv}
111881 | Zig:20   | Identified the amulet "Levuh" {Spirit Rampage rPois rN+++
                  | Int-4}
111884 | Zig:20   | Identified the +2 helmet "Vaetodem" {rCorr}
111898 | Zig:20   | Identified the amulet of Zetulug {RegenMP Fly rN++ SInv}
111956 | Zig:21   | Entered Level 21 of a ziggurat
112011 | Zig:21   | Identified the +4 arbalest of Tuloulaa {freeze, rElec rPois
                  | rF++ Stlth-}
112013 | Zig:21   | Identified the staff of death "Veduiwk" {+Blink rN+ Str+3}
112015 | Zig:21   | Identified the +2 morningstar "Zidihego" {flame, rPois}
112018 | Zig:21   | Identified the staff of death "Quheona" {Fly rPois rN+
                  | Str+4 Int-5}
112029 | Zig:21   | Reached skill level 10 in Shields
112034 | Zig:21   | Identified the +3 great sword of Past Mistakes {freeze, rF+
                  | Dex+2}
112044 | Zig:21   | Identified the +7 double sword of the Warrior {pain, rN+++
                  | Will- rCorr Dex-2}
112054 | Zig:21   | Identified the +3 chain mail of Minor Irritation {MP+9}
112060 | Zig:22   | Entered Level 22 of a ziggurat
112087 | Zig:22   | Noticed Pumakoad the pandemonium lord
112103 | Zig:22   | Killed Pumakoad the pandemonium lord
112315 | Zig:22   | Identified the +8 whip "Ijoomeull" {protect, Int+5}
112318 | Zig:22   | Identified the ring "Toegg" {Wiz Int+6}
112323 | Zig:22   | Identified the ring of Xom's Best Wishes {rF+++ Str+6 Dex+3
                  | Stlth-}
112346 | Zig:22   | Acquired 496 gold pieces
112990 | Elf:3    | Bought a potion of haste for 160 gold pieces
112990 | Elf:3    | Bought a potion of brilliance for 64 gold pieces
113000 | Elf:3    | Bought a potion of resistance for 160 gold pieces
113000 | Elf:3    | Bought a scroll of fog for 64 gold pieces
113092 | Orc:2    | Bought a scroll of butterflies for 60 gold pieces
113092 | Orc:2    | Bought a scroll of teleportation for 45 gold pieces
113094 | Orc:2    | Bought a scroll of teleportation for 36 gold pieces
113262 | Depths:4 | Bought a scroll of fear for 52 gold pieces
113262 | Depths:4 | Bought a scroll of teleportation for 39 gold pieces
113262 | Depths:4 | Bought a scroll of fog for 52 gold pieces
113281 | Zig:1    | Entered Level 1 of a ziggurat
113346 | Zig:2    | Entered Level 2 of a ziggurat
113365 | Zig:3    | Entered Level 3 of a ziggurat
113365 | Zig:3    | Noticed Cainevy the pandemonium lord
113368 | Zig:3    | Killed Cainevy the pandemonium lord
113389 | Zig:4    | Entered Level 4 of a ziggurat
113389 | Zig:4    | Noticed a Killer Klown
113392 | Zig:4    | Killed a Killer Klown
113409 | Zig:5    | Entered Level 5 of a ziggurat
113448 | Zig:6    | Entered Level 6 of a ziggurat
113452 | Zig:6    | Noticed Lybipo the pandemonium lord
113462 | Zig:6    | Killed Lybipo the pandemonium lord
113476 | Zig:6    | Identified the staff of air "Izuim" {*Slow +Blink rElec
                  | Int+2 Stlth+}
113488 | Zig:6    | Identified the staff of death "Plog" {*Slow Fly rN+ Int+8
                  | Dex-2}
113493 | Zig:7    | Entered Level 7 of a ziggurat
113519 | Zig:7    | Identified the ring "Jotap" {rC++ rCorr}
113552 | Zig:8    | Entered Level 8 of a ziggurat
113571 | Zig:8    | Found the +2 hat of the Bear Spirit {Spirit, Bear, *Rage
                  | Will++}
113598 | Zig:9    | Entered Level 9 of a ziggurat
113645 | Zig:9    | Identified the +2 war axe of Cowardice {speed, rC+ Int+2}
113646 | Zig:9    | Identified the +4 lajatang of Evolution {heavy, +Blink rN+}
113655 | Zig:10   | Entered Level 10 of a ziggurat
113683 | Zig:10   | Identified the +0 scale mail of Minor Irritation {rF- Str+4
                  | Dex+4}
113709 | Zig:11   | Entered Level 11 of a ziggurat
113717 | Zig:11   | Noticed a royal mummy
113723 | Zig:11   | Noticed a royal mummy
113725 | Zig:11   | Killed a royal mummy
113727 | Zig:11   | Noticed a royal mummy
113731 | Zig:11   | Killed a royal mummy
113735 | Zig:11   | Killed a royal mummy
113752 | Zig:11   | Found the +10 dark maul {heavy}
113762 | Zig:11   | Identified the ring of Vualalosm {*Slow +Blink rPois rCorr
                  | Stlth-}
113765 | Zig:11   | Identified the +1 long sword "Locvyuwk" {freeze, Str+2
                  | Dex+4}
113770 | Zig:11   | Identified the +5 plate armour "Veec" {*Corrode +Inv Str+4}
113778 | Zig:11   | Identified the +0 helmet "Pumuqen" {+Inv}
113779 | Zig:11   | Identified the ring of Emmiepid {rElec rC+ Dex+3}
113801 | Zig:12   | Entered Level 12 of a ziggurat
113818 | Zig:12   | Reached skill level 15 in Shields
114103 | Zig:12   | Identified the staff of air "Dojol" {rElec rPois rN+ Int+2}
114105 | Zig:12   | Identified the staff of poison "Qoimn" {rPois Int+4 Dex-5}
114378 | Coc:1    | Entered Level 1 of Cocytus
114392 | Coc:1    | Paralysed by a wendigo for 1 turns
114671 | Coc:2    | Noticed an ancient lich
114676 | Coc:2    | Killed an ancient lich
114811 | Coc:4    | You are sucked into a shaft and drop 2 floors!
114818 | Coc:6    | Noticed a shard shrike
114819 | Coc:6    | Noticed a shard shrike
114819 | Coc:6    | Noticed a shard shrike
114820 | Coc:6    | Noticed a shard shrike
114826 | Coc:6    | Killed a shard shrike
114826 | Coc:6    | Killed a shard shrike
114827 | Coc:6    | Killed a shard shrike
114828 | Coc:6    | Killed a shard shrike
115316 | Coc:7    | Entered Level 7 of Cocytus
115507 | Coc:7    | Noticed a shard shrike
115511 | Coc:7    | Killed a shard shrike
115511 | Coc:7    | Noticed a shard shrike
115513 | Coc:7    | Killed a shard shrike
115520 | Coc:7    | Noticed a shard shrike
115520 | Coc:7    | Noticed a shard shrike
115521 | Coc:7    | Killed a shard shrike
115522 | Coc:7    | Killed a shard shrike
115626 | Coc:7    | Noticed a shard shrike
115629 | Coc:7    | Killed a shard shrike
115809 | Coc:7    | Noticed a shard shrike
115811 | Coc:7    | Killed a shard shrike
116213 | Coc:7    | Noticed Antaeus
116231 | Coc:7    | Killed Antaeus
116354 | Coc:7    | Identified the +2 cloak of Neufocu {Drain rF+++ Slay+5
                  | Stlth-}
116438 | Coc:7    | Got an icy rune of Zot
116742 | Zot:5    | Identified the ring "Nisoaguq" {Int+3 Dex+6 SInv}
116980 | Zot:5    | Got the Orb of Zot
117097 | Zot:2    | Noticed Maraikho the pandemonium lord
117102 | Zot:2    | Killed Maraikho the pandemonium lord
117276 | Depths:1 | Noticed Ytwehir the pandemonium lord
117286 | Depths:1 | Killed Ytwehir the pandemonium lord
117712 | D:$      | Escaped with the Orb!

Illustrated notes

Levels and vault maps discovered:
D:1:      dpeg_arrival_radiant, layout_loops_ring, chequers_mini_garden
D:2:      minmay_skewed_foursquare, layout_basic,
          shapermc_ecumenical_altar_pompeii, minmay_randomly_rotated_circles,
          uniq_robin
D:3:      minmay_octagon_keep, layout_loops_corners, uniq_sigmund
D:4:      layout_rooms, portal_sewer_entry_b, serial_undead, serial_undead_e,
          serial_undead_d, serial_undead_b, serial_undead_a, st_stairs_3
D:5:      layout_rooms, mainiacjoe_overflow_small_starburst, nrook_uturn,
          uniq_ijyb, uniq_prince_ribbit1, uniq_eustachio
D:6:      layout_basic, temple_green, serial_demonic, serial_demonic_a,
          serial_demonic_e, serial_demonic_f, serial_demonic_g,
          amcnicky_mini_pool_small, grunt_ministairs_13,
          roderic_serpentine_path, uniq_pikel, uniq_crazy_yiuf_cottage
D:7:      layout_gridville, mainiacjoe_overflow_big_doors, minivault_11
D:8:      layout_basic, grunt_temple_overflow_bloody_war, david_lair_shrubbed,
          serial_shops, nicolae_shop_hallway_plus, nicolae_shop_trees, shop,
          nicolae_lakefront_shop, minmay_shop_chei, uniq_grum, uniq_psyche,
          uniq_erica, uniq_maurice
D:9:      layout_cave_pods, lemuel_crystal_altar, serial_shops,
          kennysheep_mini_moat
D:10:     layout_stronghold, nicolae_uskayaw_en_pointe,
          minmay_guarded_unrand_variability
D:11:     layout_long_grid
D:12:     layout_irregular_city, david_orc_3, serial_shops,
          nicolae_lakefront_shop
D:13:     layout_gridville, portal_ice_cave_rime
D:14:     layout_roguey, hangedman_vaults_entry_quadrant_bands,
          nicolae_concentric_dashed_squares_wild
D:15:     gammafunk_depths_entry_grave, layout_loops_ring,
          nicolae_trove_entry_crystal, fountainhead, zin_statuary
Temple:   hellmonk_temple_divided_pantheon
Lair:1:   layout_small_grid, dpeg_stationary_puzzle, lemuel_fruit_tree,
          grunt_megastairs_2, serial_bayou_shore_b
Lair:2:   layout_misc_corridors, minmay_swamp_entry_worms,
          nicolae_spider_entry_non_spiders, special_room [special_room_bee]
Lair:3:   layout_regular_city, minmay_lindwurm_lava, infiniplex_staircase_pool_2
Lair:4:   layout_cave_pods, minivault_25, chequers_serial_rivers_marsh
Lair:5:   grunt_lair_end_beastmaster, layout_long_grid,
          minmay_slime_entry_oklob_enclosed, grunt_megastairs_3,
          serial_bayou_shore_b, lemuel_fruit_fields
Swamp:1:  layout_falls_marsh, nicolae_swamp_ascending_descending, swamp_pool1,
          nicolae_swamp_spooky_pond, infiniplex_staircase_pool
Swamp:2:  layout_falls_marsh, evilmike_swamp_ruin_house_1, swamp_pool4
Swamp:3:  layout_falls_marsh, hangedman_swamp_pad, swamp_pool4
Swamp:4:  swamp_alternative, layout_basic_swamp, swamp_pool2,
          evilmike_swamp_ruin_rubble_1
Spider:1: layout_spider_delve, uniq_nikola, uniq_aizul
Spider:2: layout_spider_delve, guppyfry_spider_mini_1, uniq_arachne
Spider:3: layout_chambers, special_room
Spider:4: grunt_spider_rune_island
Slime:1:  layout_caves, cheibrodos_slime_lost_civilization_5
Slime:2:  layout_caves, dissolution_awaits
Slime:3:  cheibrodos_slime_lost_civilization_3, layout_caves
Slime:4:  layout_caves, nicolae_slime_round_cave, uniq_dissolution
Slime:5
Orc:1:    layout_caves, uniq_erolcha
Orc:2:    pf_orc_diabolical, layout_caves, basic_altar
Elf:1:    layout_rooms, hangedman_elf_disciples
Elf:2:    elven_hall_of_blades_hangedman_original
          [nicolae_blade_entry_antechamber], layout_geoelf_grid
Elf:3:    minmay_elf_hall_dome, layout_gridlike, serial_shops,
          nicolae_shop_tiny_statue_garden, shop, shop, shop, serial_glass,
          glass_columns_a, glass_columns_c, chequers_hall_statues_wall_a,
          roderic_nine_men_s_morris, drop_trap, minivault_27,
          minmay_misc_feat_columns
Vaults:1: v_misc_28, ontoclasm_vaults_hangar, v_alt_pattern_6,
          ontoclasm_vaults_pinch, nicolae_vaults_mini_display_case,
          ontoclasm_vaults_fault, nicolae_vaults_surprise_closet,
          vaults_room_stairs_pillars, ontoclasm_vaults_ligature,
          layout_vaults_quadrants
Vaults:2: nicolae_vaults_layer_cake_slice, nicolae_vaults_little_ls,
          nicolae_vaults_little_squares_1, kb_rosetta, grunt_vaults_trifunnel,
          nicolae_vaults_more_shelving_1, nicolae_vaults_sightless_eye,
          vaults_mumra_minichess, nicolae_vaults_oval_intersection,
          v_alt_pattern_2, ontoclasm_vaults_spin, vaults_room_semicircle,
          nicolae_vaults_house_2, layout_vaults_chaotic_city, uniq_mennas
Vaults:3: nicolae_vaults_double_plus_3, nicolae_vaults_network_periphery,
          hangedman_vaults_river_flow, nicolae_vaults_sesquioval_fish,
          vaults_mumra_lcd, vaults_dpeg_encased_lava,
          minmay_crypt_entry_simple_box, vaults_room_semicircle,
          nicolae_vaults_closet_pinwheel_5, nicolae_vaults_rhombus_7,
          vaults_room_fours, nicolae_vaults_oozy_zoo, grunt_vaults_focal,
          layout_vaults_ring, serial_shops, nicolae_shop_hallway_plus
Vaults:4: v_misc_11, door_vault, v_pattern_1, nicolae_vaults_network_s,
          nicolae_vaults_rhombus_5, vaults_mumra_hex, nicolae_vaults_diamond_1,
          hangedman_vaults_trim, nicolae_vaults_trapezoid_lopsided_3,
          nicolae_vaults_more_shelving_2, layout_vaults_omnicross
Vaults:5: serial_shops
Crypt:1:  layout_chaotic_city, nzn_ghost_randoct,
          lightli_enter_wizlab_magi_temple, nicolae_crypt_soggy_tomb,
          uniq_zenata
Crypt:2:  layout_chaotic_city, nicolae_crypt_cryptocurrency, st_shrine_of_skulls
Crypt:3:  church_of_pain_bobbens, layout_chaotic_city,
          tomb_entry_simple_bobbens, minivault_24
Tomb:1
Tomb:2
Tomb:3
Depths:1: layout_honeycomb, pf_vacation_house_of_asmodeus,
          minmay_misc_feat_rows, abyss_entry, fedhas_altar_1,
          grunt_megastairs_1, minmay_shoptagon
Depths:2: minmay_the_grid_3x2 [minmay_the_grid_slots,
          minmay_the_grid_medium_cups, minmay_the_grid_outer_diamond,
          minmay_the_grid_large_cup, minmay_the_grid_paths,
          minmay_the_grid_prize_inner_circle], layout_cave_pools, abyss_entry,
          lightli_too_deep, rand_demon_pan_entry_8, grunt_gozag_breadcrumbs,
          serial_shops, bzr_entry_islet, minmay_misc_feat_roman, uniq_asterion,
          uniq_enchantress
Depths:3: minmay_connected_triangles_in_corner, layout_cave_pools,
          solitary_fountain, hangedman_abyss_entry_splay, pf_coc_iceberg,
          kennysheep_generic_room_4, infiniplex_staircase_zigzag_5
Depths:4: grunt_x_marks_the_spot, layout_honeycomb, enter_ziggurat_b,
          pf_hell_entry_tar_river, serial_bayou_shore_b, rand_demon_pan_entry_5,
          serial_shops, nicolae_shop_peninsula,
          nicolae_abyss_entry_one_way_or_another,
          nicolae_hepliaklqana_ecumenical_no_more
Hell
Dis:1:    layout_jigsaw, nicolae_dis_distal_crystal
Dis:2:    layout_subdivisions
Dis:3:    layout_overlapping_boxes, nicolae_dis_fourth_circle
Dis:6:    layout_jigsaw
Dis:7:    iron_city_of_dis [dis_old, dis_wall_1], layout_gridville
Geh:1:    layout_gehenna_pools_basic
Geh:2:    layout_gehenna_pools_triple
Geh:3:    layout_gehenna_lava_caves
Geh:4:    layout_gehenna_lava_caves
Geh:5:    layout_gehenna_lava_caves
Geh:6:    layout_gehenna_pools_basic
Geh:7:    geh_grunt_pentagon
Coc:1:    layout_cocytus_water_paths
Coc:2:    nicolae_coc_hellspring, layout_ice_bergs
Coc:3:    layout_cocytus_delve
Coc:4:    layout_cocytus_delve
Coc:6:    layout_ice_bergs
Coc:7:    coc_old
Tar:1:    layout_cathedral_of_symmetry
Tar:2:    layout_grid_maze
Tar:3:    layout_catacombs
Tar:4:    layout_cathedral_of_symmetry, nicolae_tar_four_comb_rooms
Tar:5:    layout_grid_maze
Tar:6:    layout_grid_maze
Tar:7:    tar_old
Zot:1:    layout_onion_interference, uniq_tiamat
Zot:2:    layout_gridlike
Zot:3:    layout_concentric_octagons, skrybe_zot_glass_1
Zot:4:    nicolae_moth_party, layout_onion
Zot:5:    layout_gridlike

Skill      XL: |  1  2  3  4  5  6  7  8  9 10 11 12 13 14 15 16 17 18 19 20 21 22 23 24 25 26 27 |
---------------+----------------------------------------------------------------------------------+-----
Spellcasting   | 3 4 5 6 7 8 9 11 13 14 15 17 19 27 | 27.0
Fighting       | 2 5 7 8 11 15 17 18 19 20 27 | 27.0
Dodging        | 8 10 11 13 17 20 27 | 27.0
Evocations     | 9 11 16 | 16.3
Unarmed Combat | 7 12 14 17 21 22 24 25 27 | 27.0
Invocations    | 7 11 27 | 27.0
Armour         | 22 | 22.6
Stealth        | 22 | 22.1
Shields        | 19 | 19.0

Action                     |  1- 3 |  4- 6 |  7- 9 | 10-12 | 13-15 | 16-18 | 19-21 | 22-24 | 25-27 || total
---------------------------+-------+-------+-------+-------+-------+-------+-------+-------+-------++-------
  Melee: Unarmed           |       |       |       |       |     2 |   666 |   798 |   890 |  6027 ||  8383
         Tailslap          |       |       |       |       |       |    44 |    21 |    16 |    92 ||   173
         Bite              |       |       |       |       |       |    34 |    20 |    16 |    68 ||   138
         Punch             |       |       |       |       |       |     9 |    23 |    14 |    81 ||   127
         Staff             |       |       |       |       |       |       |       |       |    20 ||    20
   Cast: Foxfire           |    82 |   163 |   233 |   140 |   256 |   108 |       |       |       ||   982
         Scorch            |    12 |    21 |    18 |    39 |    94 |    18 |       |       |       ||   202
         Inner Flame       |       |     2 |    16 |   101 |   314 |   110 |     3 |       |       ||   546
         Stone Arrow       |       |       |    26 |   163 |   395 |   241 |     7 |       |       ||   832
         Teleport Other    |       |       |       |     4 |     1 |       |       |       |       ||     5
         Poisonous Vapours |       |       |       |       |     4 |     1 |       |       |       ||     5
         Agony             |       |       |       |       |     8 |     6 |       |       |       ||    14
         Kiss of Death     |       |       |       |       |     2 |       |       |       |       ||     2
         Volatile Blastmot |       |       |       |       |     1 |       |       |       |       ||     1
         Dispersal         |       |       |       |       |     1 |     1 |       |       |       ||     2
         Manifold Assault  |       |       |       |       |       |   374 |   509 |   674 |  4077 ||  5634
         Dragon Form       |       |       |       |       |       |    53 |    63 |    99 |   441 ||   656
         Flame Wave        |       |       |       |       |       |     1 |     1 |       |       ||     2
         Malign Gateway    |       |       |       |       |       |       |    17 |    37 |   171 ||   225
         Spellforged Servi |       |       |       |       |       |       |     1 |     3 |     3 ||     7
         Shatter           |       |       |       |       |       |       |       |       |   126 ||   126
         Dragon's Call     |       |       |       |       |       |       |       |       |    76 ||    76
         Discord           |       |       |       |       |       |       |       |       |     1 ||     1
 Invoke: Greater Servant o |       |       |       |       |       |       |       |     1 |    11 ||    12
Ability: Evoke Blink       |       |       |       |       |       |    14 |     3 |       |    12 ||    29
         Breathe Fire      |       |       |       |       |       |     8 |     1 |     2 |     1 ||    12
         End Transformatio |       |       |       |       |       |       |     1 |       |    18 ||    19
  Evoke: Wand              |       |       |       |       |     1 |       |       |       |     6 ||     7
         Box of beasts     |       |       |       |       |       |       |       |       |     1 ||     1
         Figurine of a zig |       |       |       |       |       |       |       |       |     1 ||     1
    Use: Scroll            |       |       |       |    17 |     7 |    18 |     5 |     8 |    28 ||    83
         Potion            |       |       |       |       |       |    11 |     2 |     4 |    56 ||    73
   Stab: Distracted        |       |       |       |       |       |       |       |     2 |     5 ||     7
         Sleeping          |       |       |       |       |       |       |       |       |     2 ||     2
         Paralysed         |       |       |       |       |       |       |       |       |     3 ||     3
 Armour: Robe              |     1 |     3 |     2 |    39 |    37 |    10 |     3 |       |     1 ||    96
         Skin              |       |       |       |       |       |   108 |    56 |    41 |   205 ||   410
  Dodge: Dodged            |       |     6 |     1 |    97 |   160 |   243 |    72 |    97 |   733 ||  1409
  Block: Buckler           |       |       |       |       |    14 |    17 |     3 |     1 |     4 ||    39
         Reflection        |       |       |       |       |     6 |     2 |       |       |       ||     8
